Workbook

Sheet Критерии оценки
A1: Система
A2: для расчета результирующего оценочного показателя программы за _____________
A4: № п/п | B4: Критерий оценки | E4: Параметры оценки критерия (W) | F4: Коли-чественная оценка параметра (Wi) | G4: Наименование МП
B5: Наименование критерия | C5: Весовой коэффициент критерия | D5: Весовой коэффициент критерия
B6: (К1 – К8) | C6: (G1 – G8) | D6: (G1 – G8)
A7: 1. | B7: Индекс результативности <*> (рассчитывается заказчиком программы на основании разработанной методики оценки эффективности реализации программы, утвержденной до начала ее реализации) | C7: 0.55 | D7: 0.55 | E7: 1. Среднее значение выполнения целевых показателей, утвержденных в программе, составляет 90-100% | F7: 100
E8: Среднее значение выполнения целевых показателей составляет 60-89,9% | F8: 80
E9: Среднее значение выполнения целевых показателей составляет 30-59,9% | F9: 50
E10: Среднее значение выполнения целевых показателей составляет менее 30% | F10: 20
A11: 2. | B11: Уровень фактического финансирования программы с утвержденным планом в бюджете с уточненным | C11: 0.01 | E11: Финансовое обеспечение составило не менее 80% | F11: 100
E12: Финансовое обеспечение составило 50-79,9% | F12: 50
E13: Финансовое обеспечение составило менее 50% | F13: 20
A14: 3. | B14: Уровень фактического финансирования программы в соответствии с кассовым планом | C14: 0.15 | D14: 0.1 | E14: Финансовое обеспечение составило не менее 80% | F14: 100
E15: Финансовое обеспечение составило 50-79,9% | F15: 50
E16: Финансовое обеспечение составило менее 50% | F16: 20
A17: 4. | B17: Доля полученных средств на мероприятия программы из прочих (за исключением средств бюджета МО) источников | C17: 0.15 | E17: Доля средств составила выше 30% | F17: 100
E18: Доля средств составила 10-29,9% | F18: 50
E19: Доля средств составила менее 10% | F19: 20
A20: 5. | B20: Выполнение плановых сроков предоставления отчетов реализации программы | C20: 0.14 | D20: 0.35 | E20: Предоставление отчета в срок | F20: 100
E21: Предоставление отчета с опозданием | F21: 50

Sheet свод
B1: Отчет финансирования муниципальных программ за 2021 год по МР "Горный улус"
A3: № | B3: Наименование мероприятий | C3: Предусмотрено по программе на 2021 год(тыс.руб.) | I3: Уточнено в бюджете на 2021 год (тыс.руб.) | O3: Кассовые расходы за 2021 (тыс.руб.) | U3: КП 9 мес | V3: % исп
C4: Итого | D4: ФБ | E4: РБ | F4: МР | G4: МО | H4: ВБ | I4: Итого | J4: ФБ | K4: РБ | L4: МР | M4: МО | N4: ВБ | O4: Итого | P4: ФБ | Q4: РБ | R4: МР | S4: МО | T4: ВБ
A5: 1 | B5: Муниципальная программа «Обеспечение качественным жильем и повышение качества жилищно-коммунальных услуг в МР «Горный улус» на 2020-2024годы» | C5: =SUM(D5:H5) -> 13286.62 | D5: =SUM(D6+D9+D12) -> 0 | E5: =SUM(E6+E9+E12) -> 5960.62 | F5: =SUM(F6+F9+F12)+F16 -> 7326 | G5: =SUM(G6+G9+G12) -> 0 | H5: =SUM(H6+H9+H12) -> 0 | I5: =SUM(J5:N5) -> 125841.19 | J5: =SUM(J6+J9+J12) -> 106512.86 | K5: =SUM(K6+K9+K12) -> 7156.467 | L5: =SUM(L6+L9+L12)+L16 -> 9921.8598 | M5: =SUM(M6+M9+M12) -> 2250 | N5: =SUM(N6+N9+N12) -> 0 | O5: =SUM(P5:T5) -> 118404.05 | P5: =SUM(P6+P9+P12) -> 106512.86 | Q5: =SUM(Q6+Q9+Q12) -> 1430.607 | R5: =SUM(R6+R9+R12)+R16 -> 8210.5851 | S5: =SUM(S6+S9+S12) -> 2250 | T5: =SUM(T6+T9+T12) -> 0 | U5: =SUM(U6+U9+U12)+U16 -> 68094.12 | V5: =O5/I5*100 -> 94.090063 | AD5: =L5/I5*100 -> 7.8844296 | AE5: =M5/I5*100 -> 1.7879679
B6: Реализация градостроительной политики, развитие и освоение территорий | C6: =SUM(D6:H6) -> 2500 | F6: =F7+F8 -> 2500 | G6: =G7+G8 -> 0 | I6: =SUM(J6:N6) -> 2225.995 | L6: =L7+L8 -> 2225.995 | O6: =SUM(P6:T6) -> 1126.75 | R6: =R7+R8 -> 1126.75 | U6: =U7+U8 -> 1500
B7: Реализация градостроительной политики | C7: =SUM(D7:H7) -> 1500 | F7: 1500 | I7: =SUM(J7:N7) -> 1625.995 | L7: 1625.995 | O7: =SUM(P7:T7) -> 1126.75 | R7: 1126.75 | U7: 1500 | V7: =L7-R7 -> 499.24503
B8: Развитие и освоение территорий | C8: =SUM(D8:H8) -> 1000 | F8: 1000 | I8: =SUM(J8:N8) -> 600 | L8: 600 | O8: =SUM(P8:T8) -> 0 | V8: =L8-R8 -> 600
B9: Обеспечение граждан доступным и комфортным жильем | C9: =SUM(D9:H9) -> 6960.62 | D9: =SUM(D10:D11) -> 0 | E9: =SUM(E10:E11) -> 5960.62 | F9: =SUM(F10:F11) -> 1000 | G9: =SUM(G10:G11) -> 0 | H9: =SUM(H10:H11) -> 0 | I9: =SUM(J9:N9) -> 12317.17 | J9: =SUM(J10:J11) -> 2675.96 | K9: =SUM(K10:K11) -> 5958.55 | L9: =SUM(L10:L11) -> 1432.66 | M9: =SUM(M10:M11) -> 2250 | N9: =SUM(N10:N11) -> 0 | O9: =SUM(P9:T9) -> 6591.31 | P9: =SUM(P10:P11) -> 2675.96 | Q9: =SUM(Q10:Q11) -> 232.69 | R9: =SUM(R10:R11) -> 1432.66 | S9: =SUM(S10:S11) -> 2250 | T9: =SUM(T10:T11) -> 0 | U9: =SUM(U10:U11) -> 6591.31 | V9: =L9-R9 -> 0
B10: Обеспечение жилыми помещениями детей-сирот и детей, оставшихся без попечения родителей | C10: =SUM(D10:H10) -> 5960.62 | E10: 5960.62 | I10: =SUM(J10:N10) -> 5725.86 | K10: 5725.86 | O10: =SUM(P10:T10) -> 0 | V10: =L10-R10 -> 0
B11: Обеспечение жильем молодых семей | C11: =SUM(D11:H11) -> 1000 | F11: 1000 | G11: 0 | I11: =SUM(J11:N11) -> 6591.31 | J11: 2675.96 | K11: 232.69 | L11: 1432.66 | M11: 2250 | O11: =SUM(P11:T11) -> 6591.31 | P11: 2675.96 | Q11: 232.69 | R11: 1432.66 | S11: 2250 | U11: 6591.31 | V11: =L11-R11 -> 0
B12: Модернизация объектов коммунальной инфраструктуры | C12: =SUM(D12:H12) -> 2000 | D12: =SUM(D13:D15) -> 0 | E12: =SUM(E13:E15) -> 0 | F12: =SUM(F13:F15) -> 2000 | G12: =SUM(G13:G15) -> 0 | H12: =SUM(H13:H15) -> 0 | I12: =SUM(J12:N12) -> 108470.8 | J12: =SUM(J13:J15) -> 103836.9 | K12: =SUM(K13:K15) -> 1197.917 | L12: =SUM(L13:L15) -> 3435.9871 | O12: =SUM(P12:T12) -> 108149.16 | P12: =SUM(P13:P15) -> 103836.9 | Q12: =SUM(Q13:Q15) -> 1197.917 | R12: =SUM(R13:R15) -> 3114.3438 | U12: =SUM(U13:U15) -> 56664.09 | V12: =L12-R12 -> 321.64332
B13: Развитие водоснабжения | C13: =SUM(D13:H13) -> 2000 | F13: 2000 | I13: =SUM(J13:N13) -> 107900.8 | J13: 103836.9 | K13: 1197.917 | L13: =1490.4697+1375.51744 -> 2865.9871 | O13: =SUM(P13:T13) -> 107579.16 | P13: 103836.9 | Q13: 1197.917 | R13: =1168.82638+1375.51744 -> 2544.3438 | U13: 56094.09 | V13: =L13-R13 -> 321.64332
B14: Развитие водоотведения | C14: =SUM(D14:H14) -> 0 | I14: =SUM(J14:N14) -> 0 | O14: =SUM(P14:T14) -> 0 | V14: =L14-R14 -> 0
B15: .Развитие теплоснабжения | C15: =SUM(D15:H15) -> 0 | I15: =SUM(J15:N15) -> 570 | L15: 570 | O15: =SUM(P15:T15) -> 570 | R15: 570 | U15: 570 | V15: =L15-R15 -> 0
B16: Содействие развитию благоустройства территорий муниципальных образований | C16: =SUM(D16:H16) -> 1826 | F16: =SUM(F17:F17) -> 1826 | I16: =SUM(J16:N16) -> 2827.2176 | L16: =SUM(L17:L19) -> 2827.2176 | O16: =SUM(P16:T16) -> 2536.8313 | R16: =SUM(R17:R19) -> 2536.8313 | U16: =U17 -> 3338.72 | V16: =L16-R16 -> 290.3863
B17: Обустройство мест размещения отходов | C17: =SUM(D17:H17) -> 1826 | F17: 1826 | I17: =SUM(J17:N17) -> 1530.2176 | L17: =1331.66762+40+158.55 -> 1530.2176 | O17: =SUM(P17:T17) -> 1239.8313 | R17: =1115.94497+36.32135+40+47.565 -> 1239.8313 | U17: 3338.72 | V17: =L17-R17 -> 290.3863
B18: Снос здания д/с Умка | I18: =SUM(J18:N18) -> 347 | L18: 347 | O18: =SUM(P18:T18) -> 347 | R18: 347
B19: Перевозка песка для парковочных стоянок | I19: =SUM(J19:N19) -> 950 | L19: 950 | O19: =SUM(P19:T19) -> 950 | R19: 950
A20: 2 | B20: Муниципальная программа «Развитие дорожного хозяйства в МР «Горный улус» на 2020-2024 годы» | C20: =SUM(D20:H20) -> 14129.21 | D20: =SUM(D21:D23) -> 0 | E20: =SUM(E21:E23) -> 0 | F20: =SUM(F21:F23) -> 14129.21 | G20: =SUM(G21:G23) -> 0 | H20: =SUM(H21:H23) -> 0 | I20: =SUM(J20:N20) -> 35967.82 | J20: =SUM(J21:J23) -> 0 | K20: =SUM(K21:K23) -> 17710.66 | L20: =SUM(L21:L23) -> 18257.16 | M20: =SUM(M21:M23) -> 0 | N20: =SUM(N21:N23) -> 0 | O20: =SUM(P20:T20) -> 33636.09 | P20: =SUM(P21:P23) -> 0 | Q20: =SUM(Q21:Q23) -> 17710.66 | R20: =SUM(R21:R23) -> 15925.43 | S20: =SUM(S21:S23) -> 0 | T20: 0 | U20: =SUM(U21:U23) -> 14168.94 | V20: =O20/I20*100 -> 93.517177 | AD20: =L20/I20*100 -> 50.759707
A21: 2.1. | B21: Содержание, текущий и капитальный ремонт автомобильных дорог общего пользования местного значения | C21: =SUM(D21:H21) -> 4330.87 | F21: 4330.87 | I21: =SUM(J21:N21) -> 4596.52 | L21: =4296.52+300 -> 4596.52 | O21: =SUM(P21:T21) -> 4596.52 | R21: =4296.52+300 -> 4596.52 | U21: =3021.64+300 -> 3321.64
A22: 2.2. | B22: Инженерные сооружения муниципальных автомобильных дорог | C22: =SUM(D22:H22) -> 1951.85 | F22: 1951.85 | I22: =SUM(J22:N22) -> 17163.56 | K22: 10766.6 | L22: 6396.96 | O22: =SUM(P22:T22) -> 17163.56 | Q22: 10766.6 | R22: 6396.96 | U22: 6058.4
A23: 2.3. | B23: Строительство, реконструкция автомобильных дорог местного значения | C23: =SUM(D23:H23) -> 7846.49 | F23: 7846.49 | I23: =SUM(J23:N23) -> 14207.74 | K23: 6944.06 | L23: 7263.68 | O23: =SUM(P23:T23) -> 11876.01 | Q23: 6944.06 | R23: 4931.95 | U23: 4788.9
A24: 3 | B24: Ведомственная целевая программа "Охрана труда в МР «Горный улус» на 2020-2024годы" | C24: =SUM(D24:H24) -> 25 | D24: =SUM(D25+D27+D30+D32) -> 0 | E24: =SUM(E25+E27+E30+E32) -> 0 | F24: =SUM(F25+F27+F30+F32) -> 25 | G24: =SUM(G25+G27+G30+G32) -> 0 | H24: =SUM(H25+H27+H30+H32) -> 0 | I24: =SUM(I25+I27+I30+I32) -> 25 | J24: =SUM(J25+J27+J30+J32) -> 0 | K24: =SUM(K25+K27+K30+K32) -> 0 | ... U24: =SUM(U25+U27+U30+U32) -> 7214.6 | V24: =O24/I24*100 -> 100
B25: Специальная оценка условий труда работающих в организациях, расположенных на территории Горного улуса | C25: =SUM(D25:H25) -> 0 | D25: =SUM(D26:D26) -> 0 | E25: =SUM(E26:E26) -> 0 | F25: =SUM(F26:F26) -> 0 | G25: =SUM(G26:G26) -> 0 | H25: =SUM(H26:H26) -> 0 | I25: =SUM(J25:N25) -> 0 | L25: =SUM(L26:L26) -> 0 | M25: =SUM(M26:M26) -> 0 | N25: =SUM(N26:N26) -> 0 | O25: =SUM(P25:T25) -> 0 | R25: =SUM(R26:R26) -> 0 | S25: =SUM(S26:S26) -> 0 | T25: =SUM(T26:T26) -> 0 | U25: =SUM(U26:U26) -> 70
B26: Проведение специальной оценки условий труда, улучшение условий труда в организациях | C26: =SUM(D26:H26) -> 0 | I26: =SUM(J26:N26) -> 0 | O26: =SUM(P26:T26) -> 0 | U26: 70
B27: Непрерывная подготовка работников по охране труда | C27: =SUM(D27:H27) -> 25 | D27: =SUM(D28:D29) -> 0 | E27: =SUM(E28:E29) -> 0 | F27: =SUM(F28:F29) -> 25 | G27: =SUM(G28:G29) -> 0 | H27: =SUM(H28:H29) -> 0 | I27: =SUM(J27:N27) -> 25 | L27: =SUM(L28:L29) -> 25 | M27: =SUM(M28:M29) -> 0 | N27: =SUM(N28:N29) -> 0 | O27: =SUM(P27:T27) -> 25 | R27: =SUM(R28:R29) -> 25 | T27: =SUM(T28:T29) -> 0 | U27: =SUM(U28:U29) -> 224
B28: Выезды по обмену опытом по внедрению современных средств безопасности труда и улучшению условий труда работников, тиражирование лучших практик в сфере охраны труда | C28: =SUM(D28:H28) -> 5 | F28: 5 | I28: =SUM(J28:N28) -> 5 | L28: 5 | O28: =SUM(P28:T28) -> 5 | R28: 5 | U28: 5
B29: Обучение руководителей и работников организаций в области охраны труда. Организация и проведение семинаров по охране труда | C29: =SUM(D29:H29) -> 20 | F29: 20 | I29: =SUM(J29:N29) -> 20 | L29: 20 | O29: =SUM(P29:T29) -> 20 | R29: 20 | U29: =20+199 -> 219
B30: Информационное обеспечение и пропаганда охраны труда | C30: =SUM(D30:H30) -> 0 | D30: =SUM(D31:D31) -> 0 | E30: =SUM(E31:E31) -> 0 | F30: =SUM(F31:F31) -> 0 | G30: =SUM(G31:G31) -> 0 | H30: =SUM(H31:H31) -> 0 | I30: =SUM(J30:N30) -> 0 | L30: =SUM(L31:L31) -> 0 | M30: =SUM(M31:M31) -> 0 | N30: =SUM(N31:N31) -> 0 | O30: =SUM(P30:T30) -> 0
B31: Организация и проведение конкурсов на лучшую организацию и лучшего специалиста по охране труда | C31: =SUM(D31:H31) -> 0 | I31: =SUM(J31:N31) -> 0 | O31: =SUM(P31:T31) -> 0
B32: Управление профессиональными рисками | C32: =SUM(D32:H32) -> 0 | H32: =SUM(H33:H35) -> 0 | I32: =SUM(J32:N32) -> 0 | N32: =SUM(N33:N35) -> 0 | O32: =SUM(P32:T32) -> 0 | T32: =SUM(T33:T35) -> 0 | U32: =SUM(U33:U35) -> 6920.6
B33: Обеспечение работников средствами индивидуальной и коллективной защиты | C33: =SUM(D33:H33) -> 0 | I33: =SUM(J33:N33) -> 0 | O33: =SUM(P33:T33) -> 0 | U33: 3251
B34: Проведение медицинских осмотров работников | C34: =SUM(D34:H34) -> 0 | I34: =SUM(J34:N34) -> 0 | O34: =SUM(P34:T34) -> 0 | U34: 3162.9
B35: Другие мероприятия | C35: =SUM(D35:H35) -> 0 | I35: =SUM(J35:N35) -> 0 | O35: =SUM(P35:T35) -> 0 | U35: 506.7
A36: 4 | B36: Ведомственная целевая программа «Развитие кадрового потенциала муниципальных служащих и работников органов местного самоуправления МР "Горный улус" на 2020-2024годы» | C36: =SUM(C37:C37) -> 50 | D36: =SUM(D37:D37) -> 0 | E36: =SUM(E37:E37) -> 0 | F36: =SUM(F37:F37) -> 50 | G36: =SUM(G37:G37) -> 0 | H36: =SUM(H37:H37) -> 0 | I36: =SUM(J36:N36) -> 192.82 | J36: =SUM(J37:J37) -> 0 | K36: =SUM(K37:K37) -> 0 | L36: =SUM(L37:L37) -> 192.82 | M36: =SUM(M37:M37) -> 0 | N36: =SUM(N37:N37) -> 0 | O36: =SUM(P36:T36) -> 166.97 | P36: =SUM(P37:P37) -> 0 | Q36: =SUM(Q37:Q37) -> 0 | R36: =SUM(R37:R37) -> 166.97 | S36: =SUM(S37:S37) -> 0 | T36: =SUM(T37:T37) -> 0 | U36: =I36/4*3 -> 144.615 | V36: =O36/I36*100 -> 86.593714
B37: Организация непрерывного образования муниципальных служащих по направлениям от органов местного самоуправления | C37: =SUM(D37:H37) -> 50 | F37: 50 | I37: =SUM(J37:N37) -> 192.82 | L37: 192.82 | O37: =SUM(P37:T37) -> 166.97 | R37: 166.97
A38: 5 | B38: Муниципальная программа «Семейная политика в Горном улусе на 2020-2024 годы» | C38: =SUM(D38:H38) -> 428 | D38: 0 | E38: 0 | F38: =SUM(F39+F48+F50) -> 428 | G38: 0 | H38: 0 | I38: =SUM(J38:N38) -> 843.52 | J38: 0 | K38: 0 | L38: =SUM(L39+L48+L50) -> 843.52 | M38: 0 | N38: 0 | O38: =SUM(P38:T38) -> 813.52 | P38: 0 | Q38: 0 | R38: =SUM(R39+R48+R50) -> 813.52 | S38: 0 | T38: 0 | U38: =SUM(U39+U48+U50) -> 723.02 | V38: =O38/I38*100 -> 96.443475
B39: Популяризация семейных ценностей и реализация мероприятий в области семейной и демографической политики по улучшению положения семей, детей и женщин, повышению ответственного родительства | C39: =SUM(D39:H39) -> 392 | F39: =F40+F43 -> 392 | I39: =SUM(J39:N39) -> 780.52 | L39: =L40+L43 -> 780.52 | O39: =SUM(P39:T39) -> 750.52 | R39: =R40+R43 -> 750.52 | U39: =U40+U43 -> 660.02
B40: Планирование семьи | C40: =SUM(D40:H40) -> 210 | F40: =SUM(F41:F42) -> 210 | I40: =SUM(J40:N40) -> 465.02 | L40: =SUM(L41:L42) -> 465.02 | O40: =SUM(P40:T40) -> 465.02 | R40: =SUM(R41:R42) -> 465.02 | U40: =SUM(U41:U42) -> 405.02
B41: Оказание поддержки семей при рождении ребенка | C41: =SUM(D41:H41) -> 210 | F41: 210 | I41: =SUM(J41:N41) -> 315.02 | L41: =280+35.02 -> 315.02 | O41: =SUM(P41:T41) -> 315.02 | R41: =280+35.02 -> 315.02 | U41: 315.02
B42: Социальная поддержка семей, родивших одновременно двоих и более детей | C42: =SUM(D42:H42) -> 0 | I42: =SUM(J42:N42) -> 150 | L42: 150 | O42: =SUM(P42:T42) -> 150 | R42: 150 | U42: 90
B43: Укрепление института семьи | C43: =SUM(D43:H43) -> 182 | F43: =SUM(F44:F47) -> 182 | I43: =SUM(J43:N43) -> 315.5 | L43: =SUM(L44:L47) -> 315.5 | O43: =SUM(P43:T43) -> 285.5 | R43: =SUM(R44:R47) -> 285.5 | U43: =SUM(U44:U47) -> 255
B44: Повышение роли семьи в патриотическом воспитании подрастающего поколения, выражение общественного признания заслуг семьи | C44: =SUM(D44:H44) -> 40 | F44: 40 | I44: =SUM(J44:N44) -> 133.5 | L44: 133.5 | O44: =SUM(P44:T44) -> 133.5 | R44: 133.5 | U44: 100
B45: Организация и проведение улусных, республиканских мероприятий посвященных укреплению института семьи. Поддержка Совета отцов и женсовета Горного улуса | C45: =SUM(D45:H45) -> 115 | F45: 115 | I45: =SUM(J45:N45) -> 145 | L45: 145 | O45: =SUM(P45:T45) -> 115 | R45: 115 | U45: 145
B46: Поддержка клубов Ассоциации приемных родителей. Профилактика социального сиротства | C46: =SUM(D46:H46) -> 0 | F46: 0 | I46: =SUM(J46:N46) -> 10 | L46: 10 | O46: =SUM(P46:T46) -> 10 | R46: 10 | U46: 10
B47: Организация и проведение благотворительных акций, субботников, соревнований в помощь многодетным и малообеспеченным семьям | C47: =SUM(D47:H47) -> 27 | F47: 27 | I47: =SUM(J47:N47) -> 27 | L47: 27 | O47: =SUM(P47:T47) -> 27 | R47: 27
B48: Укрепление общественного здоровья | C48: =SUM(D48:H48) -> 18 | F48: =SUM(F49:F49) -> 18 | I48: =SUM(J48:N48) -> 48 | L48: =SUM(L49:L49) -> 48 | O48: =SUM(P48:T48) -> 48 | R48: =SUM(R49:R49) -> 48 | U48: 48
B49: Проведение мероприятий, направленное на укрепление общественного здоровья | C49: =SUM(D49:H49) -> 18 | F49: 18 | I49: =SUM(J49:N49) -> 48 | L49: 48 | O49: =SUM(P49:T49) -> 48 | R49: 48
B50: Повышение качества жизни малоимущих семей | C50: =SUM(D50:H50) -> 18 | F50: =SUM(F51:F52) -> 18 | I50: =SUM(J50:N50) -> 15 | L50: =SUM(L51:L52) -> 15 | O50: =SUM(P50:T50) -> 15 | R50: =SUM(R51:R52) -> 15 | U50: =SUM(U51:U52) -> 15
B51: Финансовое просвещение населения | C51: =SUM(D51:H51) -> 3 | F51: 3 | I51: =SUM(J51:N51) -> 0 | O51: =SUM(P51:T51) -> 0
B52: Психологическая поддержка родителей, оказавшихся в трудной жизненной ситуации | C52: =SUM(D52:H52) -> 15 | F52: 15 | I52: =SUM(J52:N52) -> 15 | L52: 15 | O52: =SUM(P52:T52) -> 15 | R52: 15 | U52: 15
A53: 6 | B53: Муниципальная программа «Старшее поколение Горного улуса на 2020-2024 годы» | C53: =SUM(D53:H53) -> 1480 | D53: 0 | E53: 0 | F53: =SUM(F54+F61) -> 1130 | G53: =SUM(G54+G61) -> 350 | H53: 0 | I53: =SUM(J53:N53) -> 1940 | J53: 0 | K53: 0 | L53: =SUM(L54+L61) -> 1440 | M53: =SUM(M54+M61) -> 500 | N53: 0 | O53: =SUM(P53:T53) -> 1924.4754 | P53: 0 | Q53: 0 | R53: =SUM(R54+R61) -> 1424.4754 | S53: =SUM(S54+S61) -> 500 | T53: 0 | U53: =SUM(U54+U61) -> 1828.9 | V53: =O53/I53*100 -> 99.199761
A54: 6.1. | B54: Социальная защита прав и интересов старшего поколения | C54: =SUM(D54:H54) -> 944 | F54: =F55+F58 -> 594 | G54: =G55+G58 -> 350 | I54: =SUM(J54:N54) -> 1530 | L54: =L55+L58 -> 1030 | M54: =M55+M58 -> 500 | O54: =SUM(P54:T54) -> 1514.4754 | R54: =R55+R58 -> 1014.4754 | S54: =S55+S58 -> 500 | U54: =U55+U58 -> 1242.9
A55: 6.1.1. | B55: Поддержка ветеранов войны, тыла и труда | C55: =SUM(D55:H55) -> 24 | F55: =SUM(F56:F57) -> 24 | I55: =SUM(J55:N55) -> 391.8 | L55: =SUM(L56:L57) -> 391.8 | O55: =SUM(P55:T55) -> 391.46696 | R55: =SUM(R56:R57) -> 391.46696 | U55: 141.8
A56: 6.1.1.1. | B56: Денежные выплаты участникам ВОВ, вдовам в связи с празднованием Дня Победы. | C56: =SUM(D56:H56) -> 24 | F56: 24 | I56: =SUM(J56:N56) -> 24 | L56: 24 | O56: =SUM(P56:T56) -> 24 | R56: 24
A57: 6.1.1.2. | B57: Мероприятия ко Дню Победы - 9 мая. День пожилых | C57: =SUM(D57:H57) -> 0 | F57: 0 | I57: =SUM(J57:N57) -> 367.8 | L57: 367.8 | O57: =SUM(P57:T57) -> 367.46696 | R57: 367.46696
A58: 6.1.2. | B58: Иные социальные выплаты отдельным категориям граждан по муниципльным правовым аткм МО | C58: =SUM(D58:H58) -> 920 | F58: =SUM(F59:F60) -> 570 | G58: =SUM(G59:G60) -> 350 | I58: =SUM(J58:N58) -> 1138.2 | L58: =SUM(L59:L60) -> 638.2 | M58: =SUM(M59:M60) -> 500 | O58: =SUM(P58:T58) -> 1123.0084 | R58: =SUM(R59:R60) -> 623.0084 | S58: =SUM(S59:S60) -> 500 | U58: =601.1+500 -> 1101.1
A59: 6.1.2.1. | B59: Улучшение жилищных условий детям войны | C59: =SUM(D59:H59) -> 700 | F59: 350 | G59: 350 | I59: =SUM(J59:N59) -> 1000 | L59: 500 | M59: 500 | O59: =SUM(P59:T59) -> 1000 | R59: 500 | S59: 500
A60: 6.1.2.2. | B60: Предоставление льгот Почетным гражданам Горного улуса на подписку улусной газеты "Улэ Кууьэ" | C60: =SUM(D60:H60) -> 220 | F60: 220 | I60: =SUM(J60:N60) -> 138.2 | L60: 138.2 | O60: =SUM(P60:T60) -> 123.0084 | R60: 123.0084
A61: 6.2. | B61: Активное долголетие | C61: =SUM(D61:H61) -> 536 | F61: =SUM(F62:F64) -> 536 | I61: =SUM(J61:N61) -> 410 | L61: =SUM(L62:L64) -> 410 | O61: =SUM(P61:T61) -> 410 | R61: =SUM(R62:R64) -> 410 | U61: 586
A62: 6.2.1. | B62: Поддержка долгожителей | C62: =SUM(D62:H62) -> 150 | F62: 150 | I62: =SUM(J62:N62) -> 60 | L62: 60 | O62: =SUM(P62:T62) -> 60 | R62: 60
A63: 6.2.2. | B63: Поддержка общественных организаций ветеранов (Совет ветеранов, Школа третьего возраста 50+) | C63: =SUM(D63:H63) -> 386 | F63: 386 | I63: =SUM(J63:N63) -> 300 | L63: 300 | O63: =SUM(P63:T63) -> 300 | R63: 300
A64: 6.2.3. | B64: Организация мероприятий, направленная на повышение социальной активности граждан старшего поколения | C64: =SUM(D64:H64) -> 0 | F64: 0 | I64: =SUM(J64:N64) -> 50 | L64: 50 | O64: =SUM(P64:T64) -> 50 | R64: 50
A65: 7 | B65: Муниципальная программа «Содействие развитию институтов гражданского общества, поддержка социально ориентированных некоммерческих организаций и территориальных общественных самоуправлений в Горном улусе на 2021-2025 годы» | C65: =SUM(D65:H65) -> 1181.8 | D65: 0 | E65: 0 | F65: =SUM(F66+F67+F73) -> 1181.8 | G65: 0 | H65: 0 | I65: =SUM(J65:N65) -> 1918.32 | J65: 0 | K65: =SUM(K66+K67+K73) -> 0 | L65: =SUM(L66+L67+L73) -> 1918.32 | M65: 0 | N65: 0 | O65: =SUM(P65:T65) -> 1894.6923 | P65: 0 | Q65: =SUM(Q66+Q67+Q73) -> 0 | R65: =SUM(R66+R67+R73) -> 1894.6923 | S65: 0 | T65: 0 | U65: =SUM(U66+U67+U73) -> 1607.27 | V65: =O65/I65*100 -> 98.768312
B66: Обеспечивающая программа | C66: =SUM(D66:H66) -> 698.8 | F66: 698.8 | I66: =SUM(J66:N66) -> 705.32 | L66: 705.32 | O66: =SUM(P66:T66) -> 699.23249 | R66: 699.23249 | U66: 507.27
B67: Поддержка социально ориентированных нкоммерческих организаций и территориальных общественных самоуправлений | C67: =SUM(D67:H67) -> 483 | F67: =SUM(F68:F72) -> 483 | I67: =SUM(J67:N67) -> 513 | L67: =SUM(L68:L72) -> 513 | O67: =SUM(P67:T67) -> 500.6758 | R67: =SUM(R68:R72) -> 500.6758 | U67: =SUM(U68:U72) -> 400
B68: Предоставление субсидий на поддержку СО НКО, деятельность которых направлена на реализацию социальных проектов | C68: =SUM(D68:H68) -> 120 | F68: 120 | I68: =SUM(J68:N68) -> 0 | L68: 0 | O68: =SUM(P68:T68) -> 0 | R68: 0 | U68: 120
B69: Предоставление субсидий СО НКО для сопровождения бухгалтерской отчетности | C69: =SUM(D69:H69) -> 280 | F69: 280 | I69: =SUM(J69:N69) -> 280 | L69: 280 | O69: =SUM(P69:T69) -> 267.8258 | R69: 267.8258 | U69: 280
B70: Стимулирование активности граждан | C70: =SUM(D70:H70) -> 42.65 | F70: 42.65 | I70: =SUM(J70:N70) -> 42.65 | L70: 42.65 | O70: =SUM(P70:T70) -> 42.5 | R70: 42.5
B71: Повышение квалификации кадров СО НКО И ТОС | C71: =SUM(D71:H71) -> 35.35 | F71: 35.35 | I71: =SUM(J71:N71) -> 35.35 | L71: 35.35 | O71: =SUM(P71:T71) -> 35.35 | R71: 35.35
B72: Распространение лучших практик | C72: =SUM(D72:H72) -> 5 | F72: 5 | I72: =SUM(J72:N72) -> 155 | L72: 155 | O72: =SUM(P72:T72) -> 155 | R72: 155
B73: Содействие развитию институтов гражданского общества | C73: =SUM(D73:H73) -> 0 | F73: =SUM(F74) -> 0 | I73: =SUM(J73:N73) -> 700 | L73: =SUM(L74) -> 700 | O73: =SUM(P73:T73) -> 694.784 | R73: =SUM(R74) -> 694.784 | U73: =SUM(U74) -> 700
B74: Содействие расширению практики взаимодействия государственных органов, органов местного самоуправления, некоммерческих неправительственных организаций, бизнеса и общественности для развития гражданского общества | C74: =SUM(D74:H74) -> 0 | I74: =SUM(J74:N74) -> 700 | L74: 700 | O74: =SUM(P74:T74) -> 694.784 | R74: 694.784 | U74: 700
A75: 8 | B75: Муниципальная программа «Обеспечение безбарьерной среды жизнедеятельности инвалидов в Горном улусе на 2020 - 2024 годы» | C75: =C76+C78 -> 250 | D75: 0 | E75: 0 | F75: =SUM(F76+F78) -> 250 | G75: 0 | H75: 0 | I75: =SUM(J75:N75) -> 480 | J75: 0 | K75: =SUM(K76+K78) -> 230 | L75: =SUM(L76+L78) -> 250 | M75: 0 | N75: 0 | O75: =SUM(P75:T75) -> 480 | P75: 0 | Q75: =SUM(Q76+Q78) -> 230 | R75: =SUM(R76+R78) -> 250 | S75: 0 | T75: 0 | U75: =I75/4*3 -> 360 | V75: =O75/I75*100 -> 100
B76: Повышение уровня физической доступности объектов социальной инфраструктуры | C76: =SUM(D76:H76) -> 100 | F76: =SUM(F77) -> 100 | I76: =SUM(J76:N76) -> 330 | K76: =SUM(K77) -> 230 | L76: =L77 -> 100 | O76: =SUM(P76:T76) -> 330 | Q76: =SUM(Q77) -> 230 | R76: =R77 -> 100
B77: Обеспечение доступности приоритетных объектов и услуг в приоритетных сферах жизнедеятельности инвалидов и других маломобильных групп населения | C77: =SUM(D77:H77) -> 100 | F77: 100 | I77: =SUM(J77:N77) -> 330 | K77: 230 | L77: 100 | O77: =SUM(P77:T77) -> 330 | Q77: 230 | R77: 100
B78: Поддержка общественных организаций инвалидов | C78: =SUM(D78:H78) -> 150 | F78: =SUM(F79) -> 150 | I78: =SUM(J78:N78) -> 150 | L78: =SUM(L79) -> 150 | O78: =SUM(P78:T78) -> 150 | R78: =SUM(R79) -> 150
B79: Обеспечение доступности приоритетных объектов и услуг в приоритетных сферах жизнедеятельности инвалидов и других маломобильных групп населения | C79: =SUM(D79:H79) -> 150 | F79: 150 | I79: =SUM(J79:N79) -> 150 | L79: 150 | O79: =SUM(P79:T79) -> 150 | R79: 150
A80: 9 | B80: Муниципальная программа «Профилактика правонарушений в Горном улусе на 2020-2024 годы» | C80: =SUM(D80:H80) -> 575 | D80: 0 | E80: 0 | F80: =SUM(F81+F90) -> 575 | G80: 0 | H80: 0 | I80: =SUM(J80:N80) -> 579.47 | J80: 0 | K80: =SUM(K81+K90) -> 0 | L80: =L81+L90 -> 579.47 | M80: 0 | N80: 0 | O80: =SUM(P80:T80) -> 574.47 | P80: 0 | Q80: 0 | R80: =SUM(R81+R90) -> 574.47 | S80: 0 | T80: 0 | U80: =SUM(U81+U90) -> 552.1 | V80: =O80/I80*100 -> 99.137143
A81: 9.1. | B81: Повышение эффективности работы в сфере профилактики правонарушений | C81: =SUM(D81:H81) -> 550 | F81: =F82+F87 -> 550 | I81: =SUM(J81:N81) -> 554.47 | L81: =L82+L87 -> 554.47 | O81: =SUM(P81:T81) -> 549.47 | R81: =R82+R87 -> 549.47 | U81: =U82+U87 -> 527.1
A82: 9.1.1. | B82: Организация и проведение профилактических мероприятий | C82: =SUM(D82:H82) -> 495 | F82: =SUM(F83:F86) -> 495 | I82: =SUM(J82:N82) -> 499.47 | L82: =SUM(L83:L86) -> 499.47 | O82: =SUM(P82:T82) -> 494.47 | R82: =SUM(R83:R86) -> 494.47 | U82: =SUM(U83:U86) -> 490.43
A83: 9.1.1.1. | B83: Улусный конкурс «Лучший класс года» | C83: =SUM(D83:H83) -> 450 | F83: 450 | I83: =SUM(J83:N83) -> 450 | L83: 450 | O83: =SUM(P83:T83) -> 450 | R83: 450 | U83: 450
A84: 9.1.1.2. | B84: Мероприятия, направленные на профилактику правонарушений и безнадзорности несовершеннолетних | C84: =SUM(D84:H84) -> 20 | F84: 20 | I84: =SUM(J84:N84) -> 24.47 | L84: 24.47 | O84: =SUM(P84:T84) -> 24.47 | R84: 24.47 | U84: 15.43
A85: 9.1.1.3. | B85: Мероприятия, направленные на снижение семейного неблагополучия | C85: =SUM(D85:H85) -> 20 | F85: 20 | I85: =SUM(J85:N85) -> 20 | L85: 20 | O85: =SUM(P85:T85) -> 20 | R85: 20 | U85: 20
A86: 9.1.1.4. | B86: Организация деятельности и поддержка добровольных народных дружин | C86: =SUM(D86:H86) -> 5 | F86: 5 | I86: =SUM(J86:N86) -> 5 | L86: 5 | O86: =SUM(P86:T86) -> 0 | U86: 5
A87: 9.1.2. | B87: Информационное обеспечение профилактических мероприятий | C87: =SUM(D87:H87) -> 55 | F87: =F88 -> 55 | I87: =SUM(J87:N87) -> 55 | L87: =L88 -> 55 | O87: =SUM(P87:T87) -> 55 | R87: =R88 -> 55 | U87: =U88 -> 36.67
A88: 9.1.2.1 | B88: Информационно-наглядные материалы по профилактике преступлений, ДТП, пропаганде ЗОЖ (социальные видеоролики, баннеры, буклеты итд) | C88: =SUM(D88:H88) -> 55 | F88: 55 | I88: =SUM(J88:N88) -> 55 | L88: 55 | O88: =SUM(P88:T88) -> 55 | R88: 55 | U88: 36.67
B89: Информационно-наглядные материалы по профилактике безнадзорности и правонарушений несовершеннолетних (социальные видеоролики, баннеры, буклеты итд) | C89: =SUM(D89:H89) -> 0 | I89: =SUM(J89:N89) -> 0 | O89: =SUM(P89:T89) -> 0
A90: 9.2. | B90: Профилактика экстремизма и терроризма | C90: =SUM(D90:H90) -> 25 | F90: =F91 -> 25 | I90: =SUM(J90:N90) -> 25 | L90: =L91 -> 25 | O90: =SUM(P90:T90) -> 75 | Q90: =SUM(Q88:Q91) -> 0 | R90: =R91 -> 25 | U90: =U91 -> 25
A91: 9.2.1. | B91: Мероприятия,направленные на профилактику правонарушений,преступности,межнациональных конфликтов и экстремизма | C91: =SUM(D91:H91) -> 25 | F91: 25 | I91: =SUM(J91:N91) -> 25 | L91: 25 | O91: =SUM(P91:T91) -> 25 | R91: 25 | U91: 25
A92: 10 | B92: Ведомственная целевая программа «Развитие информационного общества в МР "Горный улус" на 2020-2024 годы» | C92: =SUM(D92:H92) -> 2334.8 | D92: 0 | E92: 0 | F92: =SUM(F93+F95+F100) -> 2334.8 | G92: 0 | H92: 0 | I92: =SUM(J92:N92) -> 2511.14 | J92: 0 | K92: 0 | L92: =SUM(L93+L95+L100+L110) -> 2511.14 | M92: 0 | N92: 0 | O92: =SUM(P92:T92) -> 2344.4128 | P92: 0 | Q92: 0 | R92: =SUM(R93+R95+R100+R110) -> 2344.4128 | S92: 0 | T92: 0 | U92: =SUM(U93+U95+U100+U110) -> 2256.81 | V92: =O92/I92*100 -> 93.360496
B93: Обеспечивающая подпрограмма | C93: =SUM(D93:H93) -> 698.8 | F93: =SUM(F94:F94) -> 698.8 | I93: =SUM(J93:N93) -> 705.32 | L93: =SUM(L94:L94) -> 705.32 | O93: =SUM(P93:T93) -> 696.06127 | P93: 0 | R93: =SUM(R94:R94) -> 696.06127 | S93: 0 | U93: =SUM(U94:U94) -> 528.99
B94: Руководство и управление в сфере установленных функций | C94: =SUM(D94:H94) -> 698.8 | F94: 698.8 | I94: =SUM(J94:N94) -> 705.32 | L94: 705.32 | O94: =SUM(P94:T94) -> 696.06127 | R94: 696.06127 | U94: =L94/4*3 -> 528.99
B95: Развитие печатных и электронных средств массовой информации | C95: =SUM(D95:H95) -> 665 | F95: =SUM(F96:F99) -> 665 | I95: =SUM(J95:N95) -> 664.9 | L95: =SUM(L96:L99) -> 664.9 | O95: =SUM(P95:T95) -> 664.9 | R95: =SUM(R96:R99) -> 664.9 | U95: =SUM(U96:U99) -> 665
B96: Развитие информационно-коммуникационных технологий для подготовки и проведения 21 Спартакиады Игры Манчаары, 90-летия Горного улуса | C96: =SUM(D96:H96) -> 570 | F96: 570 | I96: =SUM(J96:N96) -> 570 | L96: 570 | O96: =SUM(P96:T96) -> 570 | R96: 570 | U96: 570
B97: Подготовка и издание сборника НПА "Муниципальный вестник" | C97: =SUM(D97:H97) -> 50 | F97: 50 | I97: =SUM(J97:N97) -> 50 | L97: 50 | O97: =SUM(P97:T97) -> 50 | R97: 50 | U97: 50
B98: Улусный конкурс для СМИ, общественных корреспондентов | C98: =SUM(D98:H98) -> 20 | F98: 20 | I98: =SUM(J98:N98) -> 20 | L98: 20 | O98: =SUM(P98:T98) -> 20 | R98: 20 | U98: 20
B99: Приобретение и сопровождение сертифицированного программного обеспечения для организации защищенного обмена информациейАнтивирус Dr-Web | C99: =SUM(D99:H99) -> 25 | F99: 25 | I99: =SUM(J99:N99) -> 24.9 | L99: 24.9 | O99: =SUM(P99:T99) -> 24.9 | P99: 0 | R99: 24.9 | S99: 0 | U99: 25
B100: Обеспечение открытости о деятельности ОМСУ МР "Горный улус" | C100: =SUM(D100:H100) -> 971 | F100: =F101+F107 -> 971 | I100: =SUM(J100:N100) -> 1067.15 | L100: =L101+L107 -> 1067.15 | O100: =SUM(P100:T100) -> 909.6815 | R100: =R101+R107 -> 909.6815 | U100: =U101+U107 -> 989.05
B101: Освещение деятельности ОМСУ в средствах массовой информации | C101: =SUM(D101:H101) -> 643 | F101: =SUM(F102:F106) -> 643 | I101: =SUM(J101:N101) -> 1017.085 | L101: =SUM(L102:L106) -> 1017.085 | O101: =SUM(P101:T101) -> 859.6165 | R101: =SUM(R102:R106) -> 859.6165 | U101: =SUM(U102:U106) -> 886.05
...

Sheet мб
A1: Информация
A2: об исполнении ведомственных целевых и муниципальных программ МР "Горный улус" по состоянию на 2021 г.
A4: N | B4: Наименование муниципальной программы (в разрезе мероприятий) | C4: Уточненный годовой план в соответствии с показателями сводной бюджетной росписи | D4: Исполнено за отчетный период | E4: % исполнения | F4: % исполнения | G4: остаток | H4: Примечание (указать причины неисполнения) | I4: Ответственный за составление формы
A5: 1 | B5: =свод!B5 -> Муниципальная программа «Обеспечение качественным жильем и повышение качества жилищно-коммунальных услуг в МР «Горный улус» на 2020-2024годы» | C5: =SUM(C6+C16+C18)+C22 -> 12171.863 | D5: =SUM(D6+D16+D18)+D22 -> 10460.591 | E5: =SUM(D5/C5*100) -> 85.940761 | F5: =D5/(C5/4*4)*100 -> 85.940761 | G5: =SUM(C5-D5) -> 1711.2713 | I5: УАиС (Дьяконов Н.В.) | J5: соф МО 2250,0 Молодая семья
B6: Градостроительное планирование развития территорий. Снижение административных барьеров в области строительства | C6: =C7+C15 -> 2225.995 | D6: =D7+D15 -> 1126.75 | E6: =SUM(D6/C6*100) -> 50.617814 | G6: =SUM(C6-D6) -> 1099.245
B7: Реализация градостроительной политики | C7: =SUM(C8:C14) -> 1625.995 | D7: =SUM(D8:D14) -> 1126.75 | E7: =SUM(D7/C7*100) -> 69.296031 | G7: =SUM(C7-D7) -> 499.245 | H7: Экономия 193,25тыс.рублей. Освоение в IV квартале 2021 г.
B8: Разработка проекта "Актуализация генерального плана МО "Маганинский наслег", правил землепользования и застройки, проекта планировки и межевания территориис с.Орто-Сурт, МО "Маганинский наслег", Горного улуса, Республики Саха (Якутия)" | C8: 498 | D8: 498 | E8: =SUM(D8/C8*100) -> 100 | G8: =SUM(C8-D8) -> 0 | H8: Исполнены работы по Контракту №32/21-ЭА от 25.05.2021г.
B9: Разработка проекта планировки и межевания территории с.Асыма, МО "Кировский наслег", Горного улуса, Республики Саха (Якутия) | C9: 200 | D9: 200 | E9: =SUM(D9/C9*100) -> 100 | G9: =SUM(C9-D9) -> 0 | H9: Исполнены работы по Контракту №34/21-ЭА от 26.05.2021г.
B10: Разработка проекта планировки и межевания территории с.Магарас, МО "Одунунский наслег", Горного улуса, Республики Саха (Якутия) | C10: 208.75 | D10: 208.75 | E10: =SUM(D10/C10*100) -> 100 | G10: =SUM(C10-D10) -> 0 | H10: Исполнены работы по Контракту № 33/21-ЭА от 26.05.2021г.
B11: Разработка проекта планировки и межевания территории с.Бясь-Кюель МО "Атамайский наслег" | C11: 120 | D11: 120 | E11: =SUM(D11/C11*100) -> 100 | G11: =SUM(C11-D11) -> 0 | H11: Договор №б/н от 22.11.2021 г. исполнен
B12: Разработка проекта планировки и проекта межевания территории (ППТ и ПМТ) объекта: «Централизованные сети канализации с. Бердигестях Горного улуса РС(Я)» | C12: 450 | D12: 0 | E12: =SUM(D12/C12*100) -> 0 | G12: =SUM(C12-D12) -> 450 | H12: Подписан контракт № 55/21-ЭА от 17.01.2022г. На сумму 198 т.р. Экономия составляет 252 т.р.
B13: Разработка проекта планировки и межевания территории ВОС с.Бердигестях | C13: 100 | D13: 100 | E13: =SUM(D13/C13*100) -> 100 | G13: =SUM(C13-D13) -> 0 | H13: Исполнены работы по договору №43/21 от 26.11.2021 г.
B14: Подготовка проекта генерального плана, правил землепользования и застройки, с.Тонгулах МО "Малтанинский наслег", генерального плана с.Харыялах МО "Одунунский наслег" Горного улуса, Республики Саха (Якутия)" | C14: 49.245 | D14: 0 | E14: =SUM(D14/C14*100) -> 0 | G14: =SUM(C14-D14) -> 49.245 | H14: Подписан договор №16/2021 от 22.01.2021
B15: =свод!B8 -> Развитие и освоение территорий | C15: =свод!L8 -> 600 | D15: 0 | E15: =SUM(D15/C15*100) -> 0 | G15: =SUM(C15-D15) -> 600 | H15: Заключен контракт с ИП Григорьев
B16: Обеспечение граждан доступным и комфортным жильем | C16: =SUM(C17:C17) -> 3682.66 | D16: =SUM(D17:D17) -> 3682.66 | E16: =SUM(D16/C16*100) -> 100 | G16: =SUM(C16-D16) -> 0
B17: Обеспечение жильем молодых семей | C17: =свод!L11+свод!M11 -> 3682.66 | D17: =свод!R11+свод!S11 -> 3682.66 | E17: =SUM(D17/C17*100) -> 100 | G17: =SUM(C17-D17) -> 0 | H17: Вручены 7 сертификатов на строительство ИЖД
B18: Модернизация объектов коммунальной инфраструктуры | C18: =SUM(C19:C21) -> 3435.99 | D18: =SUM(D19:D21) -> 3114.35 | E18: =SUM(D18/C18*100) -> 90.639088 | G18: =SUM(C18-D18) -> 321.64
B19: Развитие водоснабжения | C19: 1490.47 | D19: 1168.83 | E19: =SUM(D19/C19*100) -> 78.42023 | G19: =SUM(C19-D19) -> 321.64 | H19: Софинансирование ВОС по ПОФР (1%)
B20: Развитие водоснабжения Экспертное сопровождение ГАУ "Управление Госэкспертизы РС(Я) | C20: 1375.52 | D20: 1375.52
B21: Развитие теплоснабжения (Одунунский) | C21: =свод!L15 -> 570 | D21: =свод!R15 -> 570 | E21: =SUM(D21/C21*100) -> 100 | G21: =SUM(C21-D21) -> 0
B22: =свод!B16 -> Содействие развитию благоустройства территорий муниципальных образований | C22: =C23+C28+C29 -> 2827.2176 | D22: =D23+D28+D29 -> 2536.8313 | E22: =SUM(D22/C22*100) -> 89.728902 | G22: =SUM(C22-D22) -> 290.3863
B23: =свод!B17 -> Обустройство мест размещения отходов | C23: =SUM(C24:C27) -> 1530.2176 | D23: =SUM(D24:D27) -> 1239.8313 | E23: =SUM(D23/C23*100) -> 81.023202 | G23: =SUM(C23-D23) -> 290.3863
B24: перемещение отходов свалки | C24: =664.83497+40 -> 704.83497 | D24: =664.83497+40 -> 704.83497 | E24: =SUM(D24/C24*100) -> 100 | G24: =SUM(C24-D24) -> 0 | H24: Исполнены работы по перемещению отходов свалки ТКО. Исполнители ООО "СахаСпецТранс" - 303,98т.р., из них 40 т.р. на перевозку специализированного транспортного средства (бульдозер для свалки) Исполнены работы по перемещению отходов свалки ТКО ООО "Амгор" - 94,85т.р. Исполнены работы по перемещению отходов свалки ТКО. ООО "Сомого" - 250т.р. Исполнены работы по перемещению отходов свалки ТКО. ИП Павлов А.Х. - 56т.р.
B25: Ремонт автодороги свалки | C25: 451.11 | D25: 451.11 | E25: =SUM(D25/C25*100) -> 100 | G25: =SUM(C25-D25) -> 0 | H25: Исполнены работы по договору с ИП Павлов А.Х.
B26: Видеонаблюдение | C26: 215.72265 | D26: 36.32135 | E26: =SUM(D26/C26*100) -> 16.837059 | G26: =SUM(C26-D26) -> 179.4013 | H26: Подписан договор ИП Данилов А.Л. на установку видеонаблюдения, ПАО Якутскэнерго, подключение видеонаблюдения свалки ТКО
B27: Устройство охранной будки | C27: 158.55 | D27: 47.565 | E27: =SUM(D27/C27*100) -> 30 | G27: =SUM(C27-D27) -> 110.985 | H27: Подписан договор ООО "Сомого"
B28: =свод!B18 -> Снос здания д/с Умка | C28: =свод!L18 -> 347 | D28: =свод!R18 -> 347 | E28: =SUM(D28/C28*100) -> 100 | G28: =SUM(C28-D28) -> 0
B29: =свод!B19 -> Перевозка песка для парковочных стоянок | C29: =свод!L19 -> 950 | D29: =свод!R19 -> 950 | E29: =SUM(D29/C29*100) -> 100 | G29: =SUM(C29-D29) -> 0
A30: 2 | B30: =свод!B20 -> Муниципальная программа «Развитие дорожного хозяйства в МР «Горный улус» на 2020-2024 годы» | C30: =SUM(C31+C39)+C36 -> 18257.16 | D30: =SUM(D31+D39)+D36 -> 15925.44 | E30: =SUM(D30/C30*100) -> 87.228463 | F30: =D30/(C30/4*4)*100 -> 87.228463 | G30: =SUM(C30-D30) -> 2331.72 | I30: МКУ ДЕЗ (Протопопов А.В.)
B31: Содержание муниципальных автодорог | C31: =SUM(C32:C35) -> 4596.52 | D31: =SUM(D32:D35) -> 4596.52 | E31: =SUM(D31/C31*100) -> 100 | G31: =SUM(C31-D31) -> 0
B32: Содержание муниципальных автодорог | C32: 3904.19 | D32: 3904.19 | E32: =SUM(D32/C32*100) -> 100 | G32: =SUM(C32-D32) -> 0 | H32: Подписан контракт с подрядной организацией ООО "Амгор", стоимость контракта 3 744 400,00 руб. Дополнительно подписан договор с ООО "Амгор" на сумму 159 792,65 руб. Все работы завершены.
B33: Рубка и расчистка леса для видимости муниципальных автодорог | C33: 261.46 | D33: 261.46 | E33: =SUM(D33/C33*100) -> 100 | G33: =SUM(C33-D33) -> 0 | H33: Подписан контракт с ИП "Трофимов И.Ф." Работы завершены.
B34: Содержание на уборку моста "Заречный" с.Бердигестях | C34: 130.87 | D34: 130.87 | E34: =SUM(D34/C34*100) -> 100 | G34: =SUM(C34-D34) -> 0 | H34: Подписан договор ГПХ Сидоров Р.Н. Работы завершены.
B35: Ремонт подъездной дороги к парковкам объектов размещения к проведению XXI Спартакиады по национальным видам спорта «Игры Манчаары» | C35: 300 | D35: 300 | E35: =SUM(D35/C35*100) -> 100 | G35: =SUM(C35-D35) -> 0 | H35: Подписан контракт с подрядной организацией ИП "Павлов А.Х.", стоимость контракта 300 000,00 руб. Работы завершены.
B36: Инженерные сооружения муниципальных автомобильных дорог | C36: =SUM(C37:C38) -> 6396.97 | D36: =SUM(D37:D38) -> 6396.97 | E36: =SUM(D36/C36*100) -> 100 | G36: =SUM(G37:G38) -> 0
B37: Ремонт мостовых переходов и инженерных сооружений на муниципальных автодорогах | C37: 394.69 | D37: 394.69 | E37: =SUM(D37/C37*100) -> 100 | G37: =SUM(C37-D37) -> 0 | H37: Подписан договор с ИП "Трофимов И.Ф." Работы завершены.
B38: Софинансирование на строительство мостовых переходов муниципальных автодорог по итогам конкурса Минтранс РС(Я) | C38: 6002.28 | D38: 6002.28 | E38: =SUM(D38/C38*100) -> 100 | G38: =SUM(C38-D38) -> 0 | H38: Подписан контракт с подрядной организацией ООО "Туласын", стоимость контракта 22 806 607,93 руб. Работы завершены.
B39: Строительство, проектирование и ремонт муниципальных автомобильных дорог | C39: =SUM(C40:C41) -> 7263.67 | D39: =SUM(D40:D41) -> 4931.95 | E39: =SUM(D39/C39*100) -> 67.898872 | G39: =SUM(C39-D39) -> 2331.72
B40: Софинансирование на проектирование муниципальной автодорог "Орто-сурт - Кептин Горного улуса РС(Я)" с протяженностью 15 км. | C40: 2331.72 | D40: 0 | E40: 0 | G40: =SUM(C40-D40) -> 2331.72 | H40: Заключен контракт на разработку ПИР с ООО "Геопроект", ведутся проектные работы, срок завершения работ март 2021 года, начисляются пени за просроченные дни
B41: Ремонт муниципальных автодорог | C41: 4931.95 | D41: 4931.95 | E41: =SUM(D41/C41*100) -> 100 | G41: =SUM(C41-D41) -> 0 | H41: Подписан контракт с подрядной организацией ООО "Амгор", стоимость контракта 4 931 947,48 руб. Работы завершены.
A42: 3 | B42: =свод!B53 -> Муниципальная программа «Старшее поколение Горного улуса на 2020-2024 годы» | C42: =SUM(C43+C50) -> 1440 | D42: =SUM(D43+D50) -> 1424.4754 | E42: =SUM(D42/C42*100) -> 98.9219 | F42: =D42/(C42/4*3)*100 -> 131.89587 | G42: =SUM(C42-D42) -> 15.52464 | I42: ОСП (Гуляева Н.Р.)
B43: Социальная защита прав и интересов старшего поколения | C43: =C44+C47 -> 1030 | D43: =D44+D47 -> 1014.4754 | E43: =SUM(D43/C43)*100 -> 98.492753 | G43: =SUM(C43-D43) -> 15.52464
B44: Поддержка ветеранов войны, тыла и труда | C44: =SUM(C45:C46) -> 391.8 | D44: =SUM(D45:D46) -> 391.46696
B45: Денежные выплаты участникам ВОВ, вдовам в связи с празднованием Дня Победы | C45: =свод!L56 -> 24 | D45: =свод!R56 -> 24 | E45: =SUM(D45/C45*100) -> 100 | G45: =SUM(C45-D45) -> 0
B46: Мероприятия ко Дню Победы - 9 мая. День пожилых | C46: =свод!L57 -> 367.8 | D46: =свод!R57 -> 367.46696 | E46: =SUM(D46/C46*100) -> 99.909451 | G46: =SUM(C46-D46) -> 0.33304
B47: Иные социальные выплаты отдельным категориям граждан по муниципльным правовым аткм МО | C47: =SUM(C48:C49) -> 638.2 | D47: =SUM(D48:D49) -> 623.0084 | E47: =SUM(D47/C47*100) -> 97.619618 | G47: =SUM(C47-D47) -> 15.1916
B48: Улучшение жилищных условий детям войны | C48: =свод!L59 -> 500 | D48: =свод!R59 -> 500 | E48: =SUM(D48/C48*100) -> 100 | G48: =SUM(C48-D48) -> 0
B49: Предоставление льгот Почетным гражданам Горного улуса на подписку улусной газеты "Улэ Кууьэ" | C49: =свод!L60 -> 138.2 | D49: =свод!R60 -> 123.0084 | E49: =SUM(D49/C49*100) -> 89.007525 | G49: =SUM(C49-D49) -> 15.1916 | H49: Оформлены подписки за 2 полугодие 2021г - 56,74 тыс.руб. и в ноябре 2021г. оформлено за 1 полугодие 2022г. - 66,27 тыс.руб. Улусной газеты "Улэ кууьэ"
B50: Активное долголетие | C50: =SUM(C51:C53) -> 410 | D50: =SUM(D51:D53) -> 410 | E50: =SUM(D50/C50*100) -> 100 | G50: =SUM(C50-D50) -> 0
B51: Поддержка долгожителей | C51: =свод!L62 -> 60 | D51: =свод!R62 -> 60 | E51: =SUM(D51/C51*100) -> 100 | G51: =SUM(C51-D51) -> 0
B52: Поддержка общественных организаций ветеранов (Совет ветеранов, Школа третьего возраста 50+) | C52: =свод!L63 -> 300 | D52: =свод!R63 -> 300 | E52: =SUM(D52/C52*100) -> 100 | G52: =SUM(C52-D52) -> 0
B53: Организация мероприятий, направленная на повышение социальной активности граждан старшего поколения | C53: =свод!L64 -> 50 | D53: =свод!R64 -> 50 | E53: =SUM(D53/C53*100) -> 100 | G53: =SUM(C53-D53) -> 0
A54: 4 | B54: =свод!B38 -> Муниципальная программа «Семейная политика в Горном улусе на 2020-2024 годы» | C54: =SUM(C55+C58+C63+C65) -> 843.52 | D54: =SUM(D55+D58+D63+D65) -> 813.52 | E54: =SUM(D54/C54*100) -> 96.443475 | F54: =D54/(C54/4*4)*100 -> 96.443475 | G54: =SUM(C54-D54) -> 30 | I54: ОСП (Васильева К.М.)
B55: Планирование семьи | C55: =SUM(C56:C57) -> 465.02 | D55: =SUM(D56:D57) -> 465.02 | E55: =SUM(D55/C55*100) -> 100 | G55: =SUM(C55-D55) -> 0
B56: Оказание поддержки семей при рождении ребенка | C56: =свод!L41 -> 315.02 | D56: =свод!R41 -> 315.02 | E56: =SUM(D56/C56*100) -> 100 | G56: =SUM(C56-D56) -> 0
B57: Социальная поддержка семей, родивших одновременно двоих и более детей | C57: =свод!L42 -> 150 | D57: =свод!R42 -> 150 | E57: =SUM(D57/C57*100) -> 100 | G57: =SUM(C57-D57) -> 0
B58: Укрепление института семьи | C58: =SUM(C59:C62) -> 315.5 | D58: =SUM(D59:D62) -> 285.5 | E58: =SUM(D58/C58*100) -> 90.491284 | G58: =SUM(C58-D58) -> 30
B59: Повышение роли семьи в патриотическом воспитании подрастающего поколения, выражение общественного признания заслуг семьи | C59: =свод!L44 -> 133.5 | D59: =свод!R44 -> 133.5 | E59: =SUM(D59/C59*100) -> 100 | G59: =SUM(C59-D59) -> 0
B60: Организация и проведение улусных, республиканских мероприятий посвященных укреплению института семьи. Поддержка Совета отцов и женсовета Горного улуса | C60: =свод!L45 -> 145 | D60: =свод!R45 -> 115 | E60: =SUM(D60/C60*100) -> 79.310345 | G60: =SUM(C60-D60) -> 30 | H60: Республиканский фестиваль "Автоледи 2021" не проведен, в связи с короновирусной инфекцией
B61: Поддержка клубов Ассоциации приемных родителей. Профилактика социального сиротства | C61: =свод!L46 -> 10 | D61: =свод!R46 -> 10 | E61: =SUM(D61/C61*100) -> 100 | G61: =SUM(C61-D61) -> 0
B62: Организация и проведение благотворительных акций, субботников, соревнований в помощь многодетным и малообеспеченным семьям | C62: =свод!L47 -> 27 | D62: =свод!R47 -> 27 | E62: =SUM(D62/C62*100) -> 100 | G62: =SUM(C62-D62) -> 0
B63: Укрепление общественного здоровья | C63: =SUM(C64:C64) -> 48 | D63: =SUM(D64:D64) -> 48 | E63: =SUM(D63/C63*100) -> 100 | G63: =SUM(C63-D63) -> 0
B64: Проведение мероприятий, направленное на укрепление общественного здоровья | C64: =свод!L49 -> 48 | D64: =свод!R49 -> 48 | E64: =SUM(D64/C64*100) -> 100 | G64: =SUM(C64-D64) -> 0
B65: Повышение качества жизни малоимущих семей | C65: =SUM(C66:C67) -> 15 | D65: =SUM(D66:D67) -> 15 | E65: =SUM(D65/C65*100) -> 100 | G65: =SUM(C65-D65) -> 0
B66: Финансовое просвещение населения | C66: =свод!L51 -> 0 | D66: =свод!R51 -> 0 | E66: 0 | G66: =SUM(C66-D66) -> 0
B67: Психологическая поддержка родителей, оказавшихся в трудной жизненной ситуации | C67: =свод!L52 -> 15 | D67: =свод!R52 -> 15 | E67: =SUM(D67/C67*100) -> 100 | G67: =SUM(C67-D67) -> 0
A68: 5 | B68: =свод!B65 -> Муниципальная программа «Содействие развитию институтов гражданского общества, поддержка социально ориентированных некоммерческих организаций и территориальных общественных самоуправлений в Горном улусе на 2021-2025 годы» | C68: =SUM(C69+C70+C76) -> 1918.32 | D68: =SUM(D69+D70+D76) -> 1894.6923 | E68: =SUM(D68/C68*100) -> 98.768312 | F68: =D68/(C68/4*4)*100 -> 98.768312 | G68: =SUM(C68-D68) -> 23.62771 | I68: ОСП (Семенов С.С.)
B69: Обеспечивающая программа | C69: =свод!L66 -> 705.32 | D69: =свод!R66 -> 699.23249 | E69: =SUM(D69/C69*100) -> 99.136915 | G69: =SUM(C69-D69) -> 6.08751
B70: Поддержка социально ориентированных нкоммерческих организаций и территориальных общественных самоуправлений | C70: =свод!L67 -> 513 | D70: =свод!R67 -> 500.6758 | E70: =SUM(D70/C70*100) -> 97.597622 | G70: =SUM(C70-D70) -> 12.3242
B71: Предоставление субсидий на поддержку СО НКО, деятельность которых направлена на реализацию социальных проектов | C71: =свод!L68 -> 0 | D71: =свод!R68 -> 0 | E71: 0 | G71: =SUM(C71-D71) -> 0 | H71: конкурс среди районов не проведен
B72: Предоставление субсидий СО НКО для сопровождения бухгалтерской отчетности | C72: =свод!L69 -> 280 | D72: =свод!R69 -> 267.8258 | E72: 0 | G72: =SUM(C72-D72) -> 12.1742 | H72: КСО "Туьулгэ" Маганинского наслега не смогла предоставить расчетный счет
B73: Стимулирование активности граждан | C73: =свод!L70 -> 42.65 | D73: =свод!R70 -> 42.5 | E73: =SUM(D73/C73*100) -> 99.6483 | G73: =SUM(C73-D73) -> 0.15
B74: Повышение квалификации кадров СО НКО И ТОС | C74: =свод!L71 -> 35.35 | D74: =свод!R71 -> 35.35 | E74: =SUM(D74/C74*100) -> 100 | G74: =SUM(C74-D74) -> 0
B75: Распространение лучших практик | C75: =свод!L72 -> 155 | D75: =свод!R72 -> 155 | E75: =SUM(D75/C75*100) -> 100 | G75: =SUM(C75-D75) -> 0
B76: Содействие развитию институтов гражданского общества | C76: =свод!L73 -> 700 | D76: =свод!R73 -> 694.784 | E76: =SUM(D76/C76*100) -> 99.254857 | G76: =SUM(C76-D76) -> 5.216
B77: Содействие расширению практики взаимодействия государственных органов, органов местного самоуправления, некоммерческих неправительственных организаций, бизнеса и общественности для развития гражданского общества | C77: =свод!L74 -> 700 | D77: =свод!R74 -> 694.784 | E77: =SUM(D77/C77*100) -> 99.254857 | G77: =SUM(C77-D77) -> 5.216 | H77: на монтаж дополнительных электрических розеток не израсходованы
A78: 6 | B78: =свод!B80 -> Муниципальная программа «Профилактика правонарушений в Горном улусе на 2020-2024 годы» | C78: =SUM(C79+C88) -> 579.47 | D78: =SUM(D79+D88) -> 574.47 | E78: =SUM(D78/C78*100) -> 99.137143 | F78: =D78/(C78/4*3)*100 -> 132.18286 | G78: =SUM(C78-D78) -> 5 | I78: ОСП (Копылова М.С.)
B79: Повышение эффективности работы в сфере профилактики правонарушений | C79: =свод!L81 -> 554.47 | D79: =свод!R81 -> 549.47 | E79: =SUM(D79/C79*100) -> 99.098238 | G79: =SUM(C79-D79) -> 5
B80: Организация и проведение профилактических мероприятий | C80: =свод!L82 -> 499.47 | D80: =свод!R82 -> 494.47 | E80: =SUM(D80/C80*100) -> 98.998939 | G80: =SUM(C80-D80) -> 5
B81: Улусный конкурс «Лучший класс года» | C81: =свод!L83 -> 450 | D81: =свод!R83 -> 450 | E81: =SUM(D81/C81*100) -> 100 | G81: =SUM(C81-D81) -> 0 | H81: распоряжением от 17.05.21 №71/01-01 проведен ежегодный улусный конкурс "лучший класс года" среди начал.классов побед стали 4 "а" класс 70 тыс,среди среднего звена 7 класс-80 тыс.,среди 8-9 классов стал 9 класс 300 тыс.руб.
B82: Мероприятия, направленные на профилактику правонарушений и безнадзорности несовершеннолетних | C82: =свод!L84 -> 24.47 | D82: =свод!R84 -> 24.47 | E82: =SUM(D82/C82*100) -> 100 | G82: =SUM(C82-D82) -> 0 | H82: расход на выездные рейды октябрь, ноябрь месяц, с 11-12 октября 2021г, рейды праздничные выходные, проведен улусный конкурс "Безопасное колесо", через зум приняли участие 3 образовательных оргн-ий
B83: Мероприятия, направленные на снижение семейного неблагополучия | C83: =свод!L85 -> 20 | D83: =свод!R85 -> 20 | E83: =SUM(D83/C83*100) -> 100 | G83: =SUM(C83-D83) -> 0 | H83: по программе "Надежда" за 2021 год вылечились от алкогольной зависимости 9 чел.из них 7 семей,3-мужчины,6-женщин.
B84: Организация деятельности и поддержка добровольных народных дружин | C84: =свод!L86 -> 5 | D84: =свод!R86 -> 0 | E84: =SUM(D84/C84*100) -> 0 | G84: =SUM(C84-D84) -> 5
B85: Информационное обеспечение профилактических мероприятий | C85: =свод!L87 -> 55 | D85: =свод!R87 -> 55 | E85: =SUM(D85/C85*100) -> 100 | G85: =SUM(C85-D85) -> 0
B86: Информационно-наглядные материалы по профилактике преступлений, ДТП, пропаганде ЗОЖ (социальные видеоролики, баннеры, буклеты итд) | C86: =свод!L88 -> 55 | D86: =свод!R88 -> 55 | E86: =SUM(D86/C86*100) -> 100 | G86: =SUM(C86-D86) -> 0 | H86: изготовлены баннеры в кол.10 шт по профилактике наркомании,алкоголизма,табакокурения
B87: Информационно-наглядные материалы по профилактике безнадзорности и правонарушений несовершеннолетних (социальные видеоролики, баннеры, буклеты итд) | C87: =свод!L89 -> 0 | D87: =свод!R89 -> 0 | G87: =SUM(C87-D87) -> 0
B88: Профилактика экстремизма и терроризма | C88: =свод!L90 -> 25 | D88: =свод!R90 -> 25 | E88: =SUM(D88/C88*100) -> 100 | G88: =SUM(C88-D88) -> 0
B89: Мероприятия,направленные на профилактику правонарушений,преступности,межнациональных конфликтов и экстремизма | C89: =свод!L91 -> 25 | D89: =свод!R91 -> 25 | E89: =SUM(D89/C89*100) -> 100 | G89: =SUM(C89-D89) -> 0 | H89: подписан договор на тех.обслуживание системы видеонаблюдения ИП Данилов А.Л.
A90: 7 | B90: =свод!B75 -> Муниципальная программа «Обеспечение безбарьерной среды жизнедеятельности инвалидов в Горном улусе на 2020 - 2024 годы» | C90: =SUM(C91+C93) -> 250 | D90: =SUM(D91+D93) -> 250 | E90: =SUM(D90/C90*100) -> 100 | F90: =D90/(C90/4*3)*100 -> 133.33333 | G90: =SUM(C90-D90) -> 0 | I90: ОСП
B91: Повышение уровня физической доступности объектов социальной инфраструктуры | C91: =свод!L76 -> 100 | D91: =свод!R76 -> 100 | E91: =SUM(D91/C91*100) -> 100 | G91: =SUM(C91-D91) -> 0
B92: Обеспечение доступности приоритетных объектов и услуг в приоритетных сферах жизнедеятельности инвалидов и других маломобильных групп населения | C92: =свод!L77 -> 100 | D92: =свод!R77 -> 100 | E92: =SUM(D92/C92*100) -> 100 | G92: =SUM(C92-D92) -> 0
B93: Поддержка общественных организаций инвалидов | C93: =свод!L78 -> 150 | D93: =свод!R78 -> 150 | E93: =SUM(D93/C93*100) -> 100 | G93: =SUM(C93-D93) -> 0
B94: Обеспечение доступности приоритетных объектов и услуг в приоритетных сферах жизнедеятельности инвалидов и других маломобильных групп населения | C94: =свод!L79 -> 150 | D94: =свод!R79 -> 150 | E94: =SUM(D94/C94*100) -> 100 | G94: =SUM(C94-D94) -> 0
A95: 8 | B95: =свод!B138 -> Муниципальная программа «Молодежная политика Горного улуса на 2020 - 2024 годы» | C95: =C96+C107+C110 -> 1511.771 | D95: =D96+D107+D110 -> 1510.07 | E95: =SUM(D95/C95*100) -> 99.887482 | F95: =D95/(C95/4*3)*100 -> 133.18331 | G95: =SUM(C95-D95) -> 1.70102 | I95: ОСП (Туралысова С.)
B96: Создание условий для развития потенциала подрастающего поколения, молодежи | C96: =свод!L139 -> 106.4 | D96: =свод!R139 -> 105.6 | E96: =SUM(D96/C96*100) -> 99.24812 | G96: =SUM(C96-D96) -> 0.8
B97: Поддержка молодежных общественных объединений, молодых специалистов | C97: =свод!L140 -> 0 | D97: =свод!R140 -> 0 | E97: =SUM(D97/C97*100) -> #DIV/0! | G97: =SUM(C97-D97) -> 0
B98: Организация работы со студентами, уроженцев Горного улуса в г.Якутске и центральных городов РФ | C98: =свод!L141 -> 0 | D98: =свод!R141 -> 0 | E98: =SUM(D98/C98*100) -> #DIV/0! | G98: =SUM(C98-D98) -> 0
B99: Поддержка мероприятий молодежных общественных объединений Горного улуса | C99: =свод!L142 -> 0 | D99: =свод!R142 -> 0 | E99: =SUM(D99/C99*100) -> #DIV/0! | G99: =SUM(C99-D99) -> 0
B100: Поддержка одаренной молодежи | C100: =свод!L143 -> 101.4 | D100: =свод!R143 -> 100.6 | E100: =SUM(D100/C100*100) -> 99.211045 | G100: =SUM(C100-D100) -> 0.8
B101: Стимулирование молодежи добившейся высоких результатов за научно-исследовательскую деятельность | C101: =свод!L144 -> 76.4 | D101: =свод!R144 -> 75.6 | E101: =SUM(D101/C101*100) -> 98.95288 | G101: =SUM(C101-D101) -> 0.8 | H101: денежное поощрение предоставляется по поступившим заявлениям
...

Sheet инд
A1: Отчет о достигнутых значениях целевых показателей муниципальных программ МР "Горный улус" за 2021 год
B3: Наименование программы/подпрограммы/индикатора | C3: Единица измерения | D3: План | E3: Факт | F3: % | G3: Средний показатель МП
D5: 2021 г
C6: 2 | D6: 3 | E6: 4 | F6: 5 | G6: 6
A7: 1 | B7: =свод!B5 -> Муниципальная программа «Обеспечение качественным жильем и повышение качества жилищно-коммунальных услуг в МР «Горный улус» на 2020-2024годы» | G7: =AVERAGE(F9:F11,F15:F17,F20,F23,F25,F28,F31,F39,F42) -> 80.376678
B8: Цель-Обеспечение населения Горного улуса доступным благоустроенным жильем с безопасными и комфортными условиями среды проживания населения на основе самоокупаемости, эффективности и надежности функционирования инженерных систем
B9: Годовой объем ввода жилья, всего | C9: кв.м | D9: 10509 | E9: 10708 | F9: 100
B10: в т.ч. Многоквартирные дома | C10: кв.м | D10: 6509 | E10: =E9-E11 -> 5092 | F10: =SUM(E10/D10)*100 -> 78.230143
B11: ИЖС | C11: кв.м | D11: 4000 | E11: 5616 | F11: 100
B12: 1. Реализация градостроительной политики, развитие и освоение территорий
B13: 1.1. Реализация градостроительной политики
B14: Разработка (корректировка) и утверждение схемы территориального планирования МР «Горный улус» | C14: ед. | D14: 0 | E14: 0
B15: Разработка генеральных планов МО | C15: ед. | D15: 3 | E15: 1 | F15: =SUM(E15/D15)*100 -> 33.333333 | H15: Маганинский наслег
B16: Разработка правил землепользования и застройки МО | C16: ед. | D16: 2 | E16: 1 | F16: =SUM(E16/D16)*100 -> 50 | H16: Маганинский наслег
B17: Количество населенных пунктов, обеспеченных проектами планировки и межевания территории | C17: ед. | D17: 6 | E17: 5 | F17: =SUM(E17/D17)*100 -> 83.333333 | H17: Маганинский наслег с.Тонгулах СП, Кировский наслег, Одунунский наслег с.Харыялаах, Атамайский наслег, Бердигестях ВОС
B18: Актуализация нормативов градостроительного проектирования | C18: ед. | D18: 0 | E18: 0
B19: 1.2. Развитие и освоение территорий
B20: Удельный вес аварийного жилья к общему объему жилищного фонда | C20: % | D20: 4.5 | E20: 3.88 | F20: 100 | H20: 6489,4 (аварийная площадь)/167000 (общий жилищный фонд)*100=3,88
B21: 2. Обеспечение граждан доступным и комфортным жильем
B22: 2.1. Обеспечение жильем детей - сирот и детей оставшихся без попечения родителей
B23: Количество обеспеченных жилыми помещениями детей - сирот и детей оставшихся без попечения родителей | C23: чел. | D23: 2 | E23: 0 | F23: =SUM(E23/D23)*100 -> 0 | H23: Отсутствуют соответствующие жилые помещения детям-сиротам по нормам, установленным законодательством Российской Федерации | K23: 1
B24: 2.2. Обеспечение жильем молодых семей
B25: Количество молодых семеи, получивших свидетельство о праве на получение социальной выплаты на приобретение (строительство) жилого помещения | C25: ед. | D25: 7 | E25: 7 | F25: =SUM(E25/D25)*100 -> 100
B26: 3. Модернизация объектов коммунальной инфраструктуры
B27: 3.1. Развитие водоснабжения
B28: Разработка проектно - сметной документации объектов водоснабжения | C28: ед. | D28: 2 | E28: 2 | F28: 100 | H28: Разработаны 2 проекта водоочистных станций в с.Кептин и с.Кюерелях
B29: Строительство водоочистных станций (ВОС) | C29: ед. | D29: 0 | E29: 0
B30: 3.2. Развитие водоотведения
B31: Строительство канализационно - очистной станций (КОС) | C31: ед. | D31: 1 | E31: 1 | F31: =E31/D31*100 -> 100
B32: 3.3. Развитие теплоснабжения
B33: Разработка проектно - сметной документации объектов теплоснабжения и схемы теплоснабжения | C33: ед. | D33: 0 | E33: 0
B34: Строительство объектов теплоснабжения | C34: ед. | D34: 0 | E34: 0
B35: Протяженность сетей теплоснабжения | C35: м. | D35: 0 | E35: 1480
B36: Подключение частного сектора | C36: домовладений | D36: 0 | E36: 25
B37: 4. Развитие системы обращения с отходами производства и потребления
B38: 4.1. Обустройство мест размещения отходов
B39: Обустройство мест размещения отходов | C39: ед. | D39: 1 | E39: 1 | F39: =SUM(E39/D39)*100 -> 100
B40: Проектирование полигона твердых коммунальных отходов | C40: ед. | D40: 0 | E40: 0
B41: Рекультивация полигона твердых коммунальных отходов | C41: ед. | D41: 0 | E41: 0
B42: Устройство противопожарных минерализованных полос на территории полигонов твердых коммунальных отходов | C42: м. | D42: 800 | E42: 800 | F42: =SUM(E42/D42)*100 -> 100
A43: 2 | B43: =свод!B20 -> Муниципальная программа «Развитие дорожного хозяйства в МР «Горный улус» на 2020-2024 годы» | G43: =(F45+F46+F47+F48+F49)/4 -> 100
B44: Цель-Повышение безопасности дорожного движения на муниципальных автомобильных дорогах Горного улуса, развитие и улучшение транспортно-эксплуатационных качеств автомобильных дорог общего пользования.
B45: Общая протяженность автомобильных дорог общего пользования местного значения | C45: км. | D45: 562.04 | E45: 562.04 | F45: =E45/D45*100 -> 100 | H45: по перечню автомобильных дорог Горного улуса
B46: Протяженность автомобильных дорог общего пользования местного значения, не отвечающих нормативным требованиям | C46: км. | D46: 480.08 | E46: 480.08 | F46: =E46/D46*100 -> 100
B47: Количество отремонтированных инженерных сооружений муниципальных автомобильных дорог | C47: ед. | D47: 2 | E47: 2 | F47: =E47/D47*100 -> 100 | H47: мост Бердигестях-Ерт Улуу-Урэх, Майыкаан с.Дикимдя.
B48: Протяженность построенных автодорог муниципального значения | C48: км. | D48: 0 | E48: 0
B49: Протяженность отремонтированных межпоселковых автодорог муниципального значения | C49: км. | D49: 0.8 | E49: 0.8 | F49: =E49/D49*100 -> 100 | H49: ремонт дороги Орто-Сурт-Кептин
A50: 3 | B50: =свод!B371 -> Муниципальная программа «Энергосбережение на территории МР "Горный улус" на 2020-2024 годы» | G50: =AVERAGE(F53,F54,F55,F56,F57,F60,F61,F62,F63,F64,F65,F67,F68,F69,F70,F76,F77,F78,F83,F85,F86,F87) -> 66.675447
B51: Цель– снижение затрат бюджета и населения за потребленные энергоресурсы за счет повышения эффективности энергопотребления путем внедрения современных энергосберегающих технологий
B52: 1. Общие целевые показатели в области энергосбережения и повышения энергетической эффективности
B53: Доля объемов ЭЭ, расчеты за которую осуществляются с использованием приборов учета, в общем объеме ЭЭ, потребляемой на территории МО | C53: % | D53: 100 | E53: 100 | F53: =SUM(E53/D53*100) -> 100
B54: Доля объемов ТЭ, расчеты за которую осуществляются с использованием приборов учета , в общем объеме ТЭ, потребляемой на территории МО | C54: % | D54: 30.4 | E54: 15.4 | F54: =SUM(E54/D54*100) -> 50.657895
B55: Доля объемов Холодной воды, расчеты за которую осуществляются с использованием приборов учета в общем объеме воды, потребляемой на территории МО | C55: % | D55: 60.1 | E55: 21.1 | F55: =SUM(E55/D55*100) -> 35.108153
B56: Доля объемов Горячей воды, расчеты за которую осуществляются с использованием приборов учета в общем объеме воды, потребляемой на территории МО | C56: % | D56: 13 | E56: 41.6 | F56: 100
B57: Доля объемов природного газа, расчеты за который осуществляются с использованием приборов учета в общем объеме природного газа, потребляемого на территории МО | C57: % | D57: 100 | E57: 100 | F57: =SUM(E57/D57*100) -> 100
B58: Доля энергетических ресурсов, производимых с использованием возобновляемых источников энергии и (или) вторичных энергетических ресурсов, в общем объеме энергетических ресурсов, производимых на территории МО | C58: % | D58: 0 | E58: 0
B59: 2. Целевые показатели в области энергосбережения и повышения
B60: Уд.расход ЭЭ на снабжение органов местного самоуправления и муниципальных учреждений ( в расчете на 1 кв. метр общей площади) | C60: кВтч\кв.м | D60: 23.692 | E60: 30.551 | F60: =D60/E60*100 -> 77.549016
B61: Уд.расход ТЭ на снабжение органов местного самоуправления и муниципальных учреждений ( в расчете на 1 кв. метр общей площади) | C61: Гкал/кв.м | D61: 0.317 | E61: 0.304 | F61: 100
B62: Уд.расход Холодной воды на снабжение органов местного самоуправления и муниципальных учреждений ( в расчете на 1 человека) | C62: куб.м/ чел. | D62: 1.6 | E62: 1.9 | F62: =D62/E62*100 -> 84.210526
B63: Уд.расход Горячей воды на снабжение органов местного самоуправления и муниципальных учреждений ( в расчете на 1 человека) | C63: куб.м/ чел. | D63: 0.32 | E63: 0.26 | F63: 100
B64: Уд.расход Природного газа на снабжение органов местного самоуправления и муниципальных учреждений ( в расчете на 1 человека) | C64: куб.м/ чел. | D64: 0.063 | E64: 0.062 | F64: 100
B65: Отношение экономии энергетических ресурсов и воды в стоймостном выражении, достижение которой планируется в результате реализации энергосервисных договоров (контрактов), заключенных органами местного самоуправления и муниципальными учреждениями к общему объему финансирования муниципальных программ | C65: % | D65: 31 | E65: 0 | F65: 0 | H65: На реализацию МП не предусмотрены денежные средства в бюджете МР | K65: 1
B66: 3. Целевые показатели в области энергосбережения и повышения
B67: Удельный расход ТЭ в МКД (в расчете на 1кв.метр общей площади) | C67: Гкал/кв.м | D67: 0.33 | E67: 0.47 | F67: =D67/E67*100 -> 70.212766
B68: Удельный расход Холодной воды в МКД (в расчете на 1 жителя) | C68: куб.м/ чел. | D68: 1.63 | E68: 10.67 | F68: =D68/E68*100 -> 15.276476
B69: Удельный расход Горячей воды в МКД (в расчете на 1 жителя) | C69: куб.м/ чел. | D69: 0.93 | E69: 1.27 | F69: =D69/E69*100 -> 73.228346
B70: Удельный расход ЭЭ в МКД (в расчете на 1 кв.метр общей площади) | C70: кВтч\кв.м | D70: 22.81 | E70: 26.85 | F70: =D70/E70*100 -> 84.953445
B71: Удельный расход природного газа в МКД с индивидуальными системами газового отопления (в расчете на 1кв.метр общей площади) | C71: тыс.куб.м/кв.м | D71: 0 | E71: 0
B72: Удельный расход природного газа в МКД с иными системами теплоснабжения (в расчете на 1 жителя) | C72: тыс.куб.м/чел | D72: 0 | E72: 0
B73: Удельный сумарный расход энергетических ресурсов в МКД | C73: т у.т/кв.м. | D73: 0 | E73: 0
B74: 4. Целевые показатели в области энергосбережения и повышения
B75: Удельный расход топлива на выработку тепловой энергии на тепловых электростанциях | C75: т.у.т. /млн. Гкал | D75: 0 | E75: 0
B76: Удельный расход топлива на выработку тепловой энергии на котельных | C76: г у.т./ Гкал | D76: 0.18 | E76: 0.18 | F76: 100
B77: Удельный расход ЭЭ, используемой при передаче тепловой энергии в системах теплоснабжения | C77: кВтч/куб.м | D77: 0.19 | E77: 0.32 | F77: =D77/E77*100 -> 59.375
B78: Доля потерь тепловой энергии при ее передаче в общем объеме переданной тепловой энергии | C78: % | D78: 28.08 | E78: 36.29 | F78: =D78/E78*100 -> 77.376688
B79: Доля потерь воды при ее передаче в общем объеме переданной воды | C79: % | D79: 0 | E79: 0
B80: Удельный расход ЭЭ, используемой для передачи воды в системах водоснабжения (на 1 куб. метр) | C80: тыс.квВтч/тыс.куб.м | D80: 0 | E80: 0
B81: Удельный расход ЭЭ, используемой в системах водоотведения (на 1 куб. метр) | C81: кВтч/куб.м | D81: 0 | E81: 0
B82: 5. Целевые показатели в области энергосбережения и повышения
B83: Удельный расход электрической энергии в системах уличного освещения (на 1кв. Метр освещаемой площади с уровнем освещенности, соответствующим установленным нормативам) | C83: кВч/кв.м | D83: 5.49 | E83: 8.59 | F83: =D83/E83*100 -> 63.911525
B84: 6. Целевые показатели в области организационных мероприятий по энергосбережению и повышения энергетической эффективности муниципальных учреждений
B85: Проведение энергетических обследований и паспортизация зданий муниципальных учреждений | C85: ед. | D85: 2 | E85: 0 | F85: =E85/D85*100 -> 0 | K85: 1
B86: Проведение энергосервисных услуг (заключение энергосервисных контрактов) | C86: ед. | D86: 4 | E86: 0 | F86: =E86/D86*100 -> 0 | K86: 1
B87: Подключение к газовым сетям объектов муниципальных учреждений | C87: ед. | D87: 4 | E87: 3 | F87: =E87/D87*100 -> 75 | H87: Гаражи ОУ в с.Атамай, с.Кюерелях, с.Кировский
A88: 4 | B88: =свод!B186 -> Муниципальная программа «Развитие сельскохозяйственного производства Горного улуса РС(Я) на 2021-2025 годы» | G88: =AVERAGE(F92:F99,F101:F106,F110:F112,F114:F116,F118:F120,F122:F123,F127,F129:F130,F136,F137,F144,F145,F139,F140,F142) -> 87.947665
B89: Основная цель - стимулирование роста производства продукции животноводства и скороспелых видов сельскохозяйственных животных.
B90: Развитие животноводства
B91: Поголовье сельскохозяйственных животных
B92: Крупный рогатый скот | C92: гол. | D92: 4783 | E92: 4606 | F92: =E92/D92*100 -> 96.299394 | H92: стат данные
B93: в том числе коровы | C93: гол. | D93: 2132 | E93: 2175 | F93: 100 | H93: стат данные
B94: Лошади | C94: гол. | D94: 4714 | E94: 4721 | F94: =E94/D94*100 -> 100.14849 | H94: стат данные
B95: в том числе кобылы | C95: гол. | D95: 2970 | E95: 3259 | F95: 100 | H95: стат данные
B96: Свиньи | C96: гол. | D96: 21 | E96: 12 | F96: =E96/D96*100 -> 57.142857 | H96: стат данные
B97: в т.ч. Маток | C97: гол. | D97: 15 | E97: 8 | F97: =E97/D97*100 -> 53.333333 | H97: стат данные
B98: Птицы | C98: гол. | D98: 1085 | E98: 644 | F98: =E98/D98*100 -> 59.354839 | H98: стат данные
B99: Осеменение КРС | C99: гол. | D99: 1132 | E99: 886 | F99: =E99/D99*100 -> 78.268551
B100: Производство продукции животноводства
B101: Производство мяса в живом весе | C101: тн | D101: 838.6 | E101: 991.2 | F101: 100 | H101: стат данные
B102: Заготовка мяса | C102: тн | D102: 119 | E102: 58.4 | F102: =E102/D102*100 -> 49.07563 | H102: стат данные
...

Sheet оценка
A1: Оценка эффективности реализации ведомственных целевых и муниципальных программ МР "Горный улус" за 2021 год
W3: балл
B4: =свод!B5 -> Муниципальная программа «Обеспечение качественным жильем и повышение качества жилищно-коммунальных услуг в МР «Горный улус» на 2020-2024годы» | C4: =свод!B20 -> Муниципальная программа «Развитие дорожного хозяйства в МР «Горный улус» на 2020-2024 годы» | D4: =свод!B371 -> Муниципальная программа «Энергосбережение на территории МР "Горный улус" на 2020-2024 годы» | E4: =свод!B186 -> Муниципальная программа «Развитие сельскохозяйственного производства Горного улуса РС(Я) на 2021-2025 годы» | F4: =свод!B161 -> Муниципальная программа «Управление муниципальной собственностью МР "Горный улус" на 2020-2024 годы» | G4: =свод!B112 -> Муниципальная программа «Развитие предпринимательства и туризма в Горном улусе на 2020-2024 годы» | H4: =свод!B92 -> Ведомственная целевая программа «Развитие информационного общества в МР "Горный улус" на 2020-2024 годы» | I4: =свод!B36 -> Ведомственная целевая программа «Развитие кадрового потенциала муниципальных служащих и работников органов местного самоуправления МР "Горный улус" на 2020-2024годы» | J4: =свод!B24 -> Ведомственная целевая программа "Охрана труда в МР «Горный улус» на 2020-2024годы" | K4: =свод!B53 -> Муниципальная программа «Старшее поколение Горного улуса на 2020-2024 годы» | L4: =свод!B65 -> Муниципальная программа «Содействие развитию институтов гражданского общества, поддержка социально ориентированных некоммерческих организаций и территориальных общественных самоуправлений в Горном улусе на 2021-2025 годы» | M4: =свод!B75 -> Муниципальная программа «Обеспечение безбарьерной среды жизнедеятельности инвалидов в Горном улусе на 2020 - 2024 годы» | N4: =свод!B38 -> Муниципальная программа «Семейная политика в Горном улусе на 2020-2024 годы» | O4: =свод!B80 -> Муниципальная программа «Профилактика правонарушений в Горном улусе на 2020-2024 годы» | P4: =свод!B138 -> Муниципальная программа «Молодежная политика Горного улуса на 2020 - 2024 годы» | Q4: =свод!B122 -> Муниципальная программа «Развитие физической культуры и спорта в МР «Горный улус» на 2018-2024 годы» | R4: =свод!B334 -> Муниципальная программа «Создание условий для духовно-культурного развития граждан Горного улуса на 2020 - 2024 годы» | S4: =свод!B237 -> Муниципальная программа «Развитие образования муниципального района «Горный улус» на 2020-2024 годы» | T4: =свод!B157 -> Муниципальная программа «Охрана окружающей среды в Горном улусе на 2017-2024 годы» | U4: =свод!B175 -> Ведомственная целевая программа «Повышение эффективности управления муниципальными финансами муниципального района «Горный улус» на 2020-2024 годы» | V4: =свод!B180 -> Муниципальная программа «Газификация населенных пунктов муниципального района «Горный улус» на 2019-2023 годы» | W4: =свод!B366 -> Муниципальная программа «Комплексное развитие сельских территорий в Горном улусе на 2020-2025 годы»
A5: => эффективную - при 80 <= Экол.<= 100; | B5: 89 | C5: 100 | E5: 89 | F5: 92.5 | H5: 88 | K5: 88 | L5: 88 | M5: 100 | O5: 88 | P5: 88 | Q5: 88 | R5: 88 | S5: 89 | W5: 81.5 | X5: =SUM(B5:W5) -> 1257
A6: => умеренно эффективную - при 60 <= Экол.<= 80; | G6: 77 | I6: 77 | J6: 77 | N6: 77 | T6: 77 | U6: 76.5 | V6: 73 | X6: =SUM(B6:W6) -> 534.5
A7: => недостаточно эффективную - при 40 <= Экол.<= 60; | D7: 50.7 | X7: =SUM(B7:W7) -> 50.7
A8: => неэффективную - при Экол.< 40.
X9: =SUM(X5:X8)/22 -> 83.736364
A11: Начальник УЭР Филиппова С.П.
A12: Исп.: гл.специалист УЭР Данилова Л.И.

Sheet ОКЖ
A1: Учетный регистр
A2: для количественной оценки
A3: эффективности реализации программы
A4: =[1]свод!B5 -> Муниципальная программа «Обеспечение качественным жильем и повышение качества жилищно-коммунальных услуг в МР «Горный улус» на 2020-2024годы»
A5: на 2021 год
A7: № п/п | B7: Критерий (К) | C7: Весовой коэффициент критерия(Gi) | D7: Количественная оценка параметра (W) | E7: Расчет оценочного показателя по каждому критерию (Gi * Wi),ед. (балл)
A10: 1 | B10: 2 | C10: 3 | D10: 4 | E10: 5
A11: 1 | B11: Индекс результативности <*> (рассчитывается заказчиком программы на основании разработанной методики оценки эффективности реализации программы, утвержденной до начала ее реализации) | C11: 0.55 | D11: 80 | E11: =SUM(C11*D11) -> 44
A12: 2 | B12: Уровень фактического финансирования программы с утвержденным планом в бюджете с уточненным | C12: 0.01 | D12: 100 | E12: =SUM(C12*D12) -> 1
A13: 3 | B13: Уровень фактического финансирования программы в соответствии с кассовым планом | C13: 0.15 | D13: 100 | E13: =SUM(C13*D13) -> 15
A14: 4 | B14: Доля полученных средств на мероприятия программы из прочих (за исключением средств бюджета МО) источников | C14: 0.15 | D14: 100 | E14: =SUM(C14*D14) -> 15
A15: 5 | B15: Выполнение плановых сроков предоставления отчетов реализации программы | C15: 0.14 | D15: 100 | E15: =SUM(C15*D15) -> 14
B16: Количественная интегральная оценка эффективности программы (Экол.) | E16: =SUM(E11:E15) -> 89

Sheet дорож
A1: Учетный регистр
A2: для количественной оценки
A3: эффективности реализации программы
A4: =[1]оценка!C4 -> Муниципальная программа «Развитие дорожного хозяйства в МР «Горный улус» на 2020-2024 годы»
A5: на 2021 год
A7: № п/п | B7: Критерий (К) | C7: Весовой коэффициент критерия(Gi) | D7: Количественная оценка параметра (W) | E7: Расчет оценочного показателя по каждому критерию (Gi * Wi),ед. (балл)
A10: 1 | B10: 2 | C10: 3 | D10: 4 | E10: 5
A11: 1 | B11: Индекс результативности <*> (рассчитывается заказчиком программы на основании разработанной методики оценки эффективности реализации программы, утвержденной до начала ее реализации) | C11: 0.55 | D11: 100 | E11: =SUM(C11*D11) -> 55
A12: 2 | B12: Уровень фактического финансирования программы с утвержденным планом в бюджете с уточненным | C12: 0.01 | D12: 100 | E12: =SUM(C12*D12) -> 1
A13: 3 | B13: Уровень фактического финансирования программы в соответствии с кассовым планом | C13: 0.15 | D13: 100 | E13: =SUM(C13*D13) -> 15
A14: 4 | B14: Доля полученных средств на мероприятия программы из прочих (за исключением средств бюджета МО) источников | C14: 0.15 | D14: 100 | E14: =SUM(C14*D14) -> 15
A15: 5 | B15: Выполнение плановых сроков предоставления отчетов реализации программы | C15: 0.14 | D15: 100 | E15: =SUM(C15*D15) -> 14
B16: Количественная интегральная оценка эффективности программы (Экол.) | E16: =SUM(E11:E15) -> 100

Sheet энергосбер
A1: Учетный регистр
A2: для количественной оценки
A3: эффективности реализации программы
A4: =[1]оценка!D4 -> Муниципальная программа «Энергосбережение на территории МР "Горный улус" на 2020-2024 годы»
A5: на 2021 год
A7: № п/п | B7: Критерий (К) | C7: Весовой коэффициент критерия(Gi) | D7: Количественная оценка параметра (W) | E7: Расчет оценочного показателя по каждому критерию (Gi * Wi),ед. (балл)
A10: 1 | B10: 2 | C10: 3 | D10: 4 | E10: 5
A11: 1 | B11: Индекс результативности <*> (рассчитывается заказчиком программы на основании разработанной методики оценки эффективности реализации программы, утвержденной до начала ее реализации) | C11: 0.55 | D11: 66.7 | E11: =SUM(C11*D11) -> 36.685
A12: 2 | B12: Уровень фактического финансирования программы с утвержденным планом в бюджете с уточненным | C12: 0.01 | D12: 0 | E12: =SUM(C12*D12) -> 0
A13: 3 | B13: Уровень фактического финансирования программы в соответствии с кассовым планом | C13: 0.15 | D13: 0 | E13: =SUM(C13*D13) -> 0
A14: 4 | B14: Доля полученных средств на мероприятия программы из прочих (за исключением средств бюджета МО) источников | C14: 0.15 | D14: 0 | E14: =SUM(C14*D14) -> 0
A15: 5 | B15: Выполнение плановых сроков предоставления отчетов реализации программы | C15: 0.14 | D15: 100 | E15: =SUM(C15*D15) -> 14
B16: Количественная интегральная оценка эффективности программы (Экол.) | E16: =SUM(E11:E15) -> 50.685

Sheet сх
A1: Учетный регистр
A2: для количественной оценки
A3: эффективности реализации программы
A4: =[1]оценка!E4 -> Муниципальная программа «Развитие сельскохозяйственного производства Горного улуса РС(Я) на 2021-2025 годы»
A5: на 2021 год
A7: № п/п | B7: Критерий (К) | C7: Весовой коэффициент критерия(Gi) | D7: Количественная оценка параметра (W) | E7: Расчет оценочного показателя по каждому критерию (Gi * Wi),ед. (балл)
A10: 1 | B10: 2 | C10: 3 | D10: 4 | E10: 5
A11: 1 | B11: Индекс результативности <*> (рассчитывается заказчиком программы на основании разработанной методики оценки эффективности реализации программы, утвержденной до начала ее реализации) | C11: 0.55 | D11: 80 | E11: =SUM(C11*D11) -> 44
A12: 2 | B12: Уровень фактического финансирования программы с утвержденным планом в бюджете с уточненным | C12: 0.01 | D12: 100 | E12: =SUM(C12*D12) -> 1
A13: 3 | B13: Уровень фактического финансирования программы в соответствии с кассовым планом | C13: 0.15 | D13: 100 | E13: =SUM(C13*D13) -> 15
A14: 4 | B14: Доля полученных средств на мероприятия программы из прочих (за исключением средств бюджета МО) источников | C14: 0.15 | D14: 100 | E14: =SUM(C14*D14) -> 15
A15: 5 | B15: Выполнение плановых сроков предоставления отчетов реализации программы | C15: 0.14 | D15: 100 | E15: =SUM(C15*D15) -> 14
B16: Количественная интегральная оценка эффективности программы (Экол.) | E16: =SUM(E11:E15) -> 89

Sheet уизо
A1: Учетный регистр
A2: для количественной оценки
A3: эффективности реализации программы
A4: =[1]оценка!F4 -> Муниципальная программа «Управление муниципальной собственностью МР "Горный улус" на 2020-2024 годы»
A5: на 2021 год
A7: № п/п | B7: Критерий (К) | C7: Весовой коэффициент критерия(Gi) | D7: Количественная оценка параметра (W) | E7: Расчет оценочного показателя по каждому критерию (Gi * Wi),ед. (балл)
A10: 1 | B10: 2 | C10: 3 | D10: 4 | E10: 5
A11: 1 | B11: Индекс результативности <*> (рассчитывается заказчиком программы на основании разработанной методики оценки эффективности реализации программы, утвержденной до начала ее реализации) | C11: 0.55 | D11: 100 | E11: =SUM(C11*D11) -> 55
A12: 2 | B12: Уровень фактического финансирования программы с утвержденным планом в бюджете с уточненным | C12: 0.01 | D12: 100 | E12: =SUM(C12*D12) -> 1
A13: 3 | B13: Уровень фактического финансирования программы в соответствии с кассовым планом | C13: 0.15 | D13: 100 | E13: =SUM(C13*D13) -> 15
A14: 4 | B14: Доля полученных средств на мероприятия программы из прочих (за исключением средств бюджета МО) источников | C14: 0.15 | D14: 50 | E14: =SUM(C14*D14) -> 7.5
A15: 5 | B15: Выполнение плановых сроков предоставления отчетов реализации программы | C15: 0.14 | D15: 100 | E15: =SUM(C15*D15) -> 14
B16: Количественная интегральная оценка эффективности программы (Экол.) | E16: =SUM(E11:E15) -> 92.5

Sheet предпр
A1: Учетный регистр
A2: для количественной оценки
A3: эффективности реализации программы
A4: =[1]оценка!G4 -> Муниципальная программа «Развитие предпринимательства и туризма в Горном улусе на 2020-2024 годы»
A5: на 2021 год
A7: № п/п | B7: Критерий (К) | C7: Весовой коэффициент критерия(Gi) | D7: Количественная оценка параметра (W) | E7: Расчет оценочного показателя по каждому критерию (Gi * Wi),ед. (балл)
A10: 1 | B10: 2 | C10: 3 | D10: 4 | E10: 5
A11: 1 | B11: Индекс результативности <*> (рассчитывается заказчиком программы на основании разработанной методики оценки эффективности реализации программы, утвержденной до начала ее реализации) | C11: 0.55 | D11: 80 | E11: =SUM(C11*D11) -> 44
A12: 2 | B12: Уровень фактического финансирования программы с утвержденным планом в бюджете с уточненным | C12: 0.01 | D12: 100 | E12: =SUM(C12*D12) -> 1
A13: 3 | B13: Уровень фактического финансирования программы в соответствии с кассовым планом | C13: 0.15 | D13: 100 | E13: =SUM(C13*D13) -> 15
A14: 4 | B14: Доля полученных средств на мероприятия программы из прочих (за исключением средств бюджета МО) источников | C14: 0.15 | D14: 20 | E14: =SUM(C14*D14) -> 3
A15: 5 | B15: Выполнение плановых сроков предоставления отчетов реализации программы | C15: 0.14 | D15: 100 | E15: =SUM(C15*D15) -> 14
B16: Количественная интегральная оценка эффективности программы (Экол.) | E16: =SUM(E11:E15) -> 77

Sheet инф
A1: Учетный регистр
A2: для количественной оценки
A3: эффективности реализации программы
A4: =[1]оценка!H4 -> Ведомственная целевая программа «Развитие информационного общества в МР "Горный улус" на 2020-2024 годы»
A5: на 2021 год
A7: № п/п | B7: Критерий (К) | C7: Весовой коэффициент критерия(Gi) | D7: Количественная оценка параметра (W) | E7: Расчет оценочного показателя по каждому критерию (Gi * Wi),ед. (балл)
A10: 1 | B10: 2 | C10: 3 | D10: 4 | E10: 5
A11: 1 | B11: Индекс результативности <*> (рассчитывается заказчиком программы на основании разработанной методики оценки эффективности реализации программы, утвержденной до начала ее реализации) | C11: 0.55 | D11: 100 | E11: =SUM(C11*D11) -> 55
A12: 2 | B12: Уровень фактического финансирования программы с утвержденным планом в бюджете с уточненным | C12: 0.01 | D12: 100 | E12: =SUM(C12*D12) -> 1
A13: 3 | B13: Уровень фактического финансирования программы в соответствии с кассовым планом | C13: 0.15 | D13: 100 | E13: =SUM(C13*D13) -> 15
A14: 4 | B14: Доля полученных средств на мероприятия программы из прочих (за исключением средств бюджета МО) источников | C14: 0.15 | D14: 20 | E14: =SUM(C14*D14) -> 3
A15: 5 | B15: Выполнение плановых сроков предоставления отчетов реализации программы | C15: 0.14 | D15: 100 | E15: =SUM(C15*D15) -> 14
B16: Количественная интегральная оценка эффективности программы (Экол.) | E16: =SUM(E11:E15) -> 88

Sheet кадр
A1: Учетный регистр
A2: для количественной оценки
A3: эффективности реализации программы
A4: =[1]оценка!I4 -> Ведомственная целевая программа «Развитие кадрового потенциала муниципальных служащих и работников органов местного самоуправления МР "Горный улус" на 2020-2024годы»
A5: на 2021год
A7: № п/п | B7: Критерий (К) | C7: Весовой коэффициент критерия(Gi) | D7: Количественная оценка параметра (W) | E7: Расчет оценочного показателя по каждому критерию (Gi * Wi),ед. (балл)
A10: 1 | B10: 2 | C10: 3 | D10: 4 | E10: 5
A11: 1 | B11: Индекс результативности <*> (рассчитывается заказчиком программы на основании разработанной методики оценки эффективности реализации программы, утвержденной до начала ее реализации) | C11: 0.55 | D11: 80 | E11: =SUM(C11*D11) -> 44
A12: 2 | B12: Уровень фактического финансирования программы с утвержденным планом в бюджете с уточненным | C12: 0.01 | D12: 100 | E12: =SUM(C12*D12) -> 1
A13: 3 | B13: Уровень фактического финансирования программы в соответствии с кассовым планом | C13: 0.15 | D13: 100 | E13: =SUM(C13*D13) -> 15
A14: 4 | B14: Доля полученных средств на мероприятия программы из прочих (за исключением средств бюджета МО) источников | C14: 0.15 | D14: 20 | E14: =SUM(C14*D14) -> 3
A15: 5 | B15: Выполнение плановых сроков предоставления отчетов реализации программы | C15: 0.14 | D15: 100 | E15: =SUM(C15*D15) -> 14
B16: Количественная интегральная оценка эффективности программы (Экол.) | E16: =SUM(E11:E15) -> 77

Sheet охр тр
A1: Учетный регистр
A2: для количественной оценки
A3: эффективности реализации программы
A4: =[1]оценка!J4 -> Ведомственная целевая программа "Охрана труда в МР «Горный улус» на 2020-2024годы"
A5: на 2021 год
A7: № п/п | B7: Критерий (К) | C7: Весовой коэффициент критерия(Gi) | D7: Количественная оценка параметра (W) | E7: Расчет оценочного показателя по каждому критерию (Gi * Wi),ед. (балл)
A10: 1 | B10: 2 | C10: 3 | D10: 4 | E10: 5
A11: 1 | B11: Индекс результативности <*> (рассчитывается заказчиком программы на основании разработанной методики оценки эффективности реализации программы, утвержденной до начала ее реализации) | C11: 0.55 | D11: 80 | E11: =SUM(C11*D11) -> 44
A12: 2 | B12: Уровень фактического финансирования программы с утвержденным планом в бюджете с уточненным | C12: 0.01 | D12: 100 | E12: =SUM(C12*D12) -> 1
A13: 3 | B13: Уровень фактического финансирования программы в соответствии с кассовым планом | C13: 0.15 | D13: 100 | E13: =SUM(C13*D13) -> 15
A14: 4 | B14: Доля полученных средств на мероприятия программы из прочих (за исключением средств бюджета МО) источников | C14: 0.15 | D14: 20 | E14: =SUM(C14*D14) -> 3
A15: 5 | B15: Выполнение плановых сроков предоставления отчетов реализации программы | C15: 0.14 | D15: 100 | E15: =SUM(C15*D15) -> 14
B16: Количественная интегральная оценка эффективности программы (Экол.) | E16: =SUM(E11:E15) -> 77

Sheet старшее
A1: Учетный регистр
A2: для количественной оценки
A3: эффективности реализации программы
A4: =[1]оценка!K4 -> Муниципальная программа «Старшее поколение Горного улуса на 2020-2024 годы»
A5: на 2021 год
A7: № п/п | B7: Критерий (К) | C7: Весовой коэффициент критерия(Gi) | D7: Количественная оценка параметра (W) | E7: Расчет оценочного показателя по каждому критерию (Gi * Wi),ед. (балл)
A10: 1 | B10: 2 | C10: 3 | D10: 4 | E10: 5
A11: 1 | B11: Индекс результативности <*> (рассчитывается заказчиком программы на основании разработанной методики оценки эффективности реализации программы, утвержденной до начала ее реализации) | C11: 0.55 | D11: 100 | E11: =SUM(C11*D11) -> 55
A12: 2 | B12: Уровень фактического финансирования программы с утвержденным планом в бюджете с уточненным | C12: 0.01 | D12: 100 | E12: =SUM(C12*D12) -> 1
A13: 3 | B13: Уровень фактического финансирования программы в соответствии с кассовым планом | C13: 0.15 | D13: 100 | E13: =SUM(C13*D13) -> 15
A14: 4 | B14: Доля полученных средств на мероприятия программы из прочих (за исключением средств бюджета МО) источников | C14: 0.15 | D14: 20 | E14: =SUM(C14*D14) -> 3
A15: 5 | B15: Выполнение плановых сроков предоставления отчетов реализации программы | C15: 0.14 | D15: 100 | E15: =SUM(C15*D15) -> 14
B16: Количественная интегральная оценка эффективности программы (Экол.) | E16: =SUM(E11:E15) -> 88

Sheet ПКР
A1: Учетный регистр
A2: для количественной оценки
A3: эффективности реализации программы
A4: =[1]оценка!L4 -> Муниципальная программа «Содействие развитию институтов гражданского общества, поддержка социально ориентированных некоммерческих организаций и территориальных общественных самоуправлений в Горном улусе на 2021-2025 годы»
A5: на 2021 год
A7: № п/п | B7: Критерий (К) | C7: Весовой коэффициент критерия(Gi) | D7: Количественная оценка параметра (W) | E7: Расчет оценочного показателя по каждому критерию (Gi * Wi),ед. (балл)
A10: 1 | B10: 2 | C10: 3 | D10: 4 | E10: 5
A11: 1 | B11: Индекс результативности <*> (рассчитывается заказчиком программы на основании разработанной методики оценки эффективности реализации программы, утвержденной до начала ее реализации) | C11: 0.55 | D11: 100 | E11: =SUM(C11*D11) -> 55
A12: 2 | B12: Уровень фактического финансирования программы с утвержденным планом в бюджете с уточненным | C12: 0.01 | D12: 100 | E12: =SUM(C12*D12) -> 1
A13: 3 | B13: Уровень фактического финансирования программы в соответствии с кассовым планом | C13: 0.15 | D13: 100 | E13: =SUM(C13*D13) -> 15
A14: 4 | B14: Доля полученных средств на мероприятия программы из прочих (за исключением средств бюджета МО) источников | C14: 0.15 | D14: 20 | E14: =SUM(C14*D14) -> 3
A15: 5 | B15: Выполнение плановых сроков предоставления отчетов реализации программы | C15: 0.14 | D15: 100 | E15: =SUM(C15*D15) -> 14
B16: Количественная интегральная оценка эффективности программы (Экол.) | E16: =SUM(E11:E15) -> 88

Sheet безбарь
A1: Учетный регистр
A2: для количественной оценки
A3: эффективности реализации программы
A4: =[1]оценка!M4 -> Муниципальная программа «Обеспечение безбарьерной среды жизнедеятельности инвалидов в Горном улусе на 2020 - 2024 годы»
A5: на 2021 год
A7: № п/п | B7: Критерий (К) | C7: Весовой коэффициент критерия(Gi) | D7: Количественная оценка параметра (W) | E7: Расчет оценочного показателя по каждому критерию (Gi * Wi),ед. (балл)
A10: 1 | B10: 2 | C10: 3 | D10: 4 | E10: 5
A11: 1 | B11: Индекс результативности <*> (рассчитывается заказчиком программы на основании разработанной методики оценки эффективности реализации программы, утвержденной до начала ее реализации) | C11: 0.55 | D11: 100 | E11: =SUM(C11*D11) -> 55
A12: 2 | B12: Уровень фактического финансирования программы с утвержденным планом в бюджете с уточненным | C12: 0.01 | D12: 100 | E12: =SUM(C12*D12) -> 1
A13: 3 | B13: Уровень фактического финансирования программы в соответствии с кассовым планом | C13: 0.15 | D13: 100 | E13: =SUM(C13*D13) -> 15
A14: 4 | B14: Доля полученных средств на мероприятия программы из прочих (за исключением средств бюджета МО) источников | C14: 0.15 | D14: 100 | E14: =SUM(C14*D14) -> 15
A15: 5 | B15: Выполнение плановых сроков предоставления отчетов реализации программы | C15: 0.14 | D15: 100 | E15: =SUM(C15*D15) -> 14
B16: Количественная интегральная оценка эффективности программы (Экол.) | E16: =SUM(E11:E15) -> 100

Sheet семейн
A1: Учетный регистр
A2: для количественной оценки
A3: эффективности реализации программы
A4: =[1]оценка!N4 -> Муниципальная программа «Семейная политика в Горном улусе на 2020-2024 годы»
A5: на 2021 год
A7: № п/п | B7: Критерий (К) | C7: Весовой коэффициент критерия(Gi) | D7: Количественная оценка параметра (W) | E7: Расчет оценочного показателя по каждому критерию (Gi * Wi),ед. (балл)
A10: 1 | B10: 2 | C10: 3 | D10: 4 | E10: 5
A11: 1 | B11: Индекс результативности <*> (рассчитывается заказчиком программы на основании разработанной методики оценки эффективности реализации программы, утвержденной до начала ее реализации) | C11: 0.55 | D11: 80 | E11: =SUM(C11*D11) -> 44
A12: 2 | B12: Уровень фактического финансирования программы с утвержденным планом в бюджете с уточненным | C12: 0.01 | D12: 100 | E12: =SUM(C12*D12) -> 1
A13: 3 | B13: Уровень фактического финансирования программы в соответствии с кассовым планом | C13: 0.15 | D13: 100 | E13: =SUM(C13*D13) -> 15
A14: 4 | B14: Доля полученных средств на мероприятия программы из прочих (за исключением средств бюджета МО) источников | C14: 0.15 | D14: 20 | E14: =SUM(C14*D14) -> 3
A15: 5 | B15: Выполнение плановых сроков предоставления отчетов реализации программы | C15: 0.14 | D15: 100 | E15: =SUM(C15*D15) -> 14
B16: Количественная интегральная оценка эффективности программы (Экол.) | E16: =SUM(E11:E15) -> 77

Sheet правонаруш
A1: Учетный регистр
A2: для количественной оценки
A3: эффективности реализации программы
A4: =[1]оценка!O4 -> Муниципальная программа «Профилактика правонарушений в Горном улусе на 2020-2024 годы»
A5: на 2021 год
A7: № п/п | B7: Критерий (К) | C7: Весовой коэффициент критерия(Gi) | D7: Количественная оценка параметра (W) | E7: Расчет оценочного показателя по каждому критерию (Gi * Wi),ед. (балл)
A10: 1 | B10: 2 | C10: 3 | D10: 4 | E10: 5
A11: 1 | B11: Индекс результативности <*> (рассчитывается заказчиком программы на основании разработанной методики оценки эффективности реализации программы, утвержденной до начала ее реализации) | C11: 0.55 | D11: 100 | E11: =SUM(C11*D11) -> 55
A12: 2 | B12: Уровень фактического финансирования программы с утвержденным планом в бюджете с уточненным | C12: 0.01 | D12: 100 | E12: =SUM(C12*D12) -> 1
A13: 3 | B13: Уровень фактического финансирования программы в соответствии с кассовым планом | C13: 0.15 | D13: 100 | E13: =SUM(C13*D13) -> 15
A14: 4 | B14: Доля полученных средств на мероприятия программы из прочих (за исключением средств бюджета МО) источников | C14: 0.15 | D14: 20 | E14: =SUM(C14*D14) -> 3
A15: 5 | B15: Выполнение плановых сроков предоставления отчетов реализации программы | C15: 0.14 | D15: 100 | E15: =SUM(C15*D15) -> 14
B16: Количественная интегральная оценка эффективности программы (Экол.) | E16: =SUM(E11:E15) -> 88

Sheet молодежь
A1: Учетный регистр
A2: для количественной оценки
A3: эффективности реализации программы
A4: =[1]оценка!P4 -> Муниципальная программа «Молодежная политика Горного улуса на 2020 - 2024 годы»
A5: на 2021 год
A7: № п/п | B7: Критерий (К) | C7: Весовой коэффициент критерия(Gi) | D7: Количественная оценка параметра (W) | E7: Расчет оценочного показателя по каждому критерию (Gi * Wi),ед. (балл)
A10: 1 | B10: 2 | C10: 3 | D10: 4 | E10: 5
A11: 1 | B11: Индекс результативности <*> (рассчитывается заказчиком программы на основании разработанной методики оценки эффективности реализации программы, утвержденной до начала ее реализации) | C11: 0.55 | D11: 100 | E11: =SUM(C11*D11) -> 55
A12: 2 | B12: Уровень фактического финансирования программы с утвержденным планом в бюджете с уточненным | C12: 0.01 | D12: 100 | E12: =SUM(C12*D12) -> 1
A13: 3 | B13: Уровень фактического финансирования программы в соответствии с кассовым планом | C13: 0.15 | D13: 100 | E13: =SUM(C13*D13) -> 15
A14: 4 | B14: Доля полученных средств на мероприятия программы из прочих (за исключением средств бюджета МО) источников | C14: 0.15 | D14: 20 | E14: =SUM(C14*D14) -> 3
A15: 5 | B15: Выполнение плановых сроков предоставления отчетов реализации программы | C15: 0.14 | D15: 100 | E15: =SUM(C15*D15) -> 14
B16: Количественная интегральная оценка эффективности программы (Экол.) | E16: =SUM(E11:E15) -> 88

Sheet спорт
A1: Учетный регистр
A2: для количественной оценки
A3: эффективности реализации программы
A4: =[1]оценка!Q4 -> Муниципальная программа «Развитие физической культуры и спорта в МР «Горный улус» на 2018-2024 годы»
A5: на 2021 год
A7: № п/п | B7: Критерий (К) | C7: Весовой коэффициент критерия(Gi) | D7: Количественная оценка параметра (W) | E7: Расчет оценочного показателя по каждому критерию (Gi * Wi),ед. (балл)
A10: 1 | B10: 2 | C10: 3 | D10: 4 | E10: 5
A11: 1 | B11: Индекс результативности <*> (рассчитывается заказчиком программы на основании разработанной методики оценки эффективности реализации программы, утвержденной до начала ее реализации) | C11: 0.55 | D11: 100 | E11: =SUM(C11*D11) -> 55
A12: 2 | B12: Уровень фактического финансирования программы с утвержденным планом в бюджете с уточненным | C12: 0.01 | D12: 100 | E12: =SUM(C12*D12) -> 1
A13: 3 | B13: Уровень фактического финансирования программы в соответствии с кассовым планом | C13: 0.15 | D13: 100 | E13: =SUM(C13*D13) -> 15
A14: 4 | B14: Доля полученных средств на мероприятия программы из прочих (за исключением средств бюджета МО) источников | C14: 0.15 | D14: 20 | E14: =SUM(C14*D14) -> 3
A15: 5 | B15: Выполнение плановых сроков предоставления отчетов реализации программы | C15: 0.14 | D15: 100 | E15: =SUM(C15*D15) -> 14
B16: Количественная интегральная оценка эффективности программы (Экол.) | E16: =SUM(E11:E15) -> 88

Sheet образ
A1: Учетный регистр
A2: для количественной оценки
A3: эффективности реализации программы
A4: =[1]оценка!S4 -> Муниципальная программа «Развитие образования муниципального района «Горный улус» на 2020-2024 годы»
A5: на 2021 год
A7: № п/п | B7: Критерий (К) | C7: Весовой коэффициент критерия(Gi) | D7: Количественная оценка параметра (W) | E7: Расчет оценочного показателя по каждому критерию (Gi * Wi),ед. (балл)
A10: 1 | B10: 2 | C10: 3 | D10: 4 | E10: 5
A11: 1 | B11: Индекс результативности <*> (рассчитывается заказчиком программы на основании разработанной методики оценки эффективности реализации программы, утвержденной до начала ее реализации) | C11: 0.55 | D11: 80 | E11: =SUM(C11*D11) -> 44
A12: 2 | B12: Уровень фактического финансирования программы с утвержденным планом в бюджете с уточненным | C12: 0.01 | D12: 100 | E12: =SUM(C12*D12) -> 1
A13: 3 | B13: Уровень фактического финансирования программы в соответствии с кассовым планом | C13: 0.15 | D13: 100 | E13: =SUM(C13*D13) -> 15
A14: 4 | B14: Доля полученных средств на мероприятия программы из прочих (за исключением средств бюджета МО) источников | C14: 0.15 | D14: 100 | E14: =SUM(C14*D14) -> 15
A15: 5 | B15: Выполнение плановых сроков предоставления отчетов реализации программы | C15: 0.14 | D15: 100 | E15: =SUM(C15*D15) -> 14
B16: Количественная интегральная оценка эффективности программы (Экол.) | E16: =SUM(E11:E15) -> 89

Sheet УК
A1: Учетный регистр
A2: для количественной оценки
A3: эффективности реализации программы
A4: =[1]оценка!R4 -> Муниципальная программа «Создание условий для духовно-культурного развития граждан Горного улуса на 2020 - 2024 годы»
A5: на 2021 год
A7: № п/п | B7: Критерий (К) | C7: Весовой коэффициент критерия(Gi) | D7: Количественная оценка параметра (W) | E7: Расчет оценочного показателя по каждому критерию (Gi * Wi),ед. (балл)
A10: 1 | B10: 2 | C10: 3 | D10: 4 | E10: 5
A11: 1 | B11: Индекс результативности <*> (рассчитывается заказчиком программы на основании разработанной методики оценки эффективности реализации программы, утвержденной до начала ее реализации) | C11: 0.55 | D11: 100 | E11: =SUM(C11*D11) -> 55
A12: 2 | B12: Уровень фактического финансирования программы с утвержденным планом в бюджете с уточненным | C12: 0.01 | D12: 100 | E12: =SUM(C12*D12) -> 1
A13: 3 | B13: Уровень фактического финансирования программы в соответствии с кассовым планом | C13: 0.15 | D13: 100 | E13: =SUM(C13*D13) -> 15
A14: 4 | B14: Доля полученных средств на мероприятия программы из прочих (за исключением средств бюджета МО) источников | C14: 0.15 | D14: 20 | E14: =SUM(C14*D14) -> 3
A15: 5 | B15: Выполнение плановых сроков предоставления отчетов реализации программы | C15: 0.14 | D15: 100 | E15: =SUM(C15*D15) -> 14
B16: Количественная интегральная оценка эффективности программы (Экол.) | E16: =SUM(E11:E15) -> 88

Sheet окр ср
A1: Учетный регистр
A2: для количественной оценки
A3: эффективности реализации программы
A4: =[1]оценка!T4 -> Муниципальная программа «Охрана окружающей среды в Горном улусе на 2017-2024 годы»
A5: на 2021 год
A7: № п/п | B7: Критерий (К) | C7: Весовой коэффициент критерия(Gi) | D7: Количественная оценка параметра (W) | E7: Расчет оценочного показателя по каждому критерию (Gi * Wi),ед. (балл)
A10: 1 | B10: 2 | C10: 3 | D10: 4 | E10: 5
A11: 1 | B11: Индекс результативности <*> (рассчитывается заказчиком программы на основании разработанной методики оценки эффективности реализации программы, утвержденной до начала ее реализации) | C11: 0.55 | D11: 80 | E11: =SUM(C11*D11) -> 44
A12: 2 | B12: Уровень фактического финансирования программы с утвержденным планом в бюджете с уточненным | C12: 0.01 | D12: 100 | E12: =SUM(C12*D12) -> 1
A13: 3 | B13: Уровень фактического финансирования программы в соответствии с кассовым планом | C13: 0.15 | D13: 100 | E13: =SUM(C13*D13) -> 15
A14: 4 | B14: Доля полученных средств на мероприятия программы из прочих (за исключением средств бюджета МО) источников | C14: 0.15 | D14: 20 | E14: =SUM(C14*D14) -> 3
A15: 5 | B15: Выполнение плановых сроков предоставления отчетов реализации программы | C15: 0.14 | D15: 100 | E15: =SUM(C15*D15) -> 14
B16: Количественная интегральная оценка эффективности программы (Экол.) | E16: =SUM(E11:E15) -> 77

Sheet финансы
A1: Учетный регистр
A2: для количественной оценки
A3: эффективности реализации программы
A4: =[1]оценка!U4 -> Ведомственная целевая программа «Повышение эффективности управления муниципальными финансами муниципального района «Горный улус» на 2020-2024 годы»
A5: на 2021 года
A7: № п/п | B7: Критерий (К) | C7: Весовой коэффициент критерия(Gi) | D7: Количественная оценка параметра (W) | E7: Расчет оценочного показателя по каждому критерию (Gi * Wi),ед. (балл)
A10: 1 | B10: 2 | C10: 3 | D10: 4 | E10: 5
A11: 1 | B11: Индекс результативности <*> (рассчитывается заказчиком программы на основании разработанной методики оценки эффективности реализации программы, утвержденной до начала ее реализации) | C11: 0.55 | D11: 80 | E11: =SUM(C11*D11) -> 44
A12: 2 | B12: Уровень фактического финансирования программы с утвержденным планом в бюджете с уточненным | C12: 0.01 | D12: 50 | E12: =SUM(C12*D12) -> 0.5
A13: 3 | B13: Уровень фактического финансирования программы в соответствии с кассовым планом | C13: 0.15 | D13: 100 | E13: =SUM(C13*D13) -> 15
A14: 4 | B14: Доля полученных средств на мероприятия программы из прочих (за исключением средств бюджета МО) источников | C14: 0.15 | D14: 20 | E14: =SUM(C14*D14) -> 3
A15: 5 | B15: Выполнение плановых сроков предоставления отчетов реализации программы | C15: 0.14 | D15: 100 | E15: =SUM(C15*D15) -> 14
B16: Количественная интегральная оценка эффективности программы (Экол.) | E16: =SUM(E11:E15) -> 76.5

Sheet газ
A1: Учетный регистр
A2: для количественной оценки
A3: эффективности реализации программы
A4: =[1]оценка!V4 -> Муниципальная программа «Газификация населенных пунктов муниципального района «Горный улус» на 2019-2023 годы»
A5: на 2021 год
A7: № п/п | B7: Критерий (К) | C7: Весовой коэффициент критерия(Gi) | D7: Количественная оценка параметра (W) | E7: Расчет оценочного показателя по каждому критерию (Gi * Wi),ед. (балл)
A10: 1 | B10: 2 | C10: 3 | D10: 4 | E10: 5
A11: 1 | B11: Индекс результативности <*> (рассчитывается заказчиком программы на основании разработанной методики оценки эффективности реализации программы, утвержденной до начала ее реализации) | C11: 0.55 | D11: 80 | E11: =SUM(C11*D11) -> 44
A12: 2 | B12: Уровень фактического финансирования программы с утвержденным планом в бюджете с уточненным | C12: 0.01 | D12: 0 | E12: =SUM(C12*D12) -> 0
A13: 3 | B13: Уровень фактического финансирования программы в соответствии с кассовым планом | C13: 0.15 | D13: 0 | E13: =SUM(C13*D13) -> 0
A14: 4 | B14: Доля полученных средств на мероприятия программы из прочих (за исключением средств бюджета МО) источников | C14: 0.15 | D14: 100 | E14: =SUM(C14*D14) -> 15
A15: 5 | B15: Выполнение плановых сроков предоставления отчетов реализации программы | C15: 0.14 | D15: 100 | E15: =SUM(C15*D15) -> 14
B16: Количественная интегральная оценка эффективности программы (Экол.) | E16: =SUM(E11:E15) -> 73

Sheet крст
A1: Учетный регистр
A2: для количественной оценки
A3: эффективности реализации программы
A4: =[1]оценка!W4 -> Муниципальная программа «Комплексное развитие сельских территорий в Горном улусе на 2020-2025 годы»
A5: на 2021 год
A7: № п/п | B7: Критерий (К) | C7: Весовой коэффициент критерия(Gi) | D7: Количественная оценка параметра (W) | E7: Расчет оценочного показателя по каждому критерию (Gi * Wi),ед. (балл)
A10: 1 | B10: 2 | C10: 3 | D10: 4 | E10: 5
A11: 1 | B11: Индекс результативности <*> (рассчитывается заказчиком программы на основании разработанной методики оценки эффективности реализации программы, утвержденной до начала ее реализации) | C11: 0.55 | D11: 80 | E11: =SUM(C11*D11) -> 44
A12: 2 | B12: Уровень фактического финансирования программы с утвержденным планом в бюджете с уточненным | C12: 0.01 | D12: 100 | E12: =SUM(C12*D12) -> 1
A13: 3 | B13: Уровень фактического финансирования программы в соответствии с кассовым планом | C13: 0.15 | D13: 50 | E13: =SUM(C13*D13) -> 7.5
A14: 4 | B14: Доля полученных средств на мероприятия программы из прочих (за исключением средств бюджета МО) источников | C14: 0.15 | D14: 100 | E14: =SUM(C14*D14) -> 15
A15: 5 | B15: Выполнение плановых сроков предоставления отчетов реализации программы | C15: 0.14 | D15: 100 | E15: =SUM(C15*D15) -> 14
B16: Количественная интегральная оценка эффективности программы (Экол.) | E16: =SUM(E11:E15) -> 81.5
